Workbook

Sheet Import to MasterTag.com
A1: MT ID | B1: MT Item Description | C1: Shape | D1: Drawing Number | E1: Feature(s) | F1: Bundle Size | G1: Minimum/ Increments | H1: Quantity | I1: Row | K1: Item # | L1: Multiples | M1: Tag / Product | N1: Quantity | O1: Description | P1: Description 2 | Q1: Species | R1: Category
A2: =IF(N2="","",K2) | B2: =IF(N2="","",O2) | C2: =IF(N2="","",M2) | H2: =IF(N2="","",N2) | I2: 2 | K2: {=IFERROR(IF(ROWS($K$2:K2)<=MAX('Tags - Classics'!$I$50:$I$12000),INDEX('Tags - Classics'!$A$50:$H$12000,MATCH(ROWS($K$2:K2),'Tags - Classics'!$I$50:$I$12000,0),COLUMNS($K:K)),IF(ROWS($K$2:K2)<=MAX('Tags - Classics'!$I$50:$I$12000)+MAX('Tags - Non-Classics'!$I$50:$I$8000),INDEX('Tags - Non-Classics'!$A$50:$H$8000,MATCH(ROWS($K$2:K2)-MAX('Tags - Classics'!$I$50:$I$12000),'Tags - Non-Classics'!$I$50:$I$8000,0),COLUMNS($K:K)),INDEX('Misc & Retail'!$A$50:$H$800,MATCH(ROWS($K$2:K2)-MAX('Tags - Classics'!$I$50:$I$12000)-MAX('Tags - Non-Classics'!$I$50:$I$8000),'Misc & Retail'!$I$50:$I$800,0),COLUMNS($K:K)))),"")} | L2: {=IFERROR(IF(ROWS($K$2:L2)<=MAX('Tags - Classics'!$I$50:$I$12000),INDEX('Tags - Classics'!$A$50:$H$12000,MATCH(ROWS($K$2:L2),'Tags - Classics'!$I$50:$I$12000,0),COLUMNS($K:L)),IF(ROWS($K$2:L2)<=MAX('Tags - Classics'!$I$50:$I$12000)+MAX('Tags - Non-Classics'!$I$50:$I$8000),INDEX('Tags - Non-Classics'!$A$50:$H$8000,MATCH(ROWS($K$2:L2)-MAX('Tags - Classics'!$I$50:$I$12000),'Tags - Non-Classics'!$I$50:$I$8000,0),COLUMNS($K:L)),INDEX('Misc & Retail'!$A$50:$H$800,MATCH(ROWS($K$2:L2)-MAX('Tags - Classics'!$I$50:$I$12000)-MAX('Tags - Non-Classics'!$I$50:$I$8000),'Misc & Retail'!$I$50:$I$800,0),COLUMNS($K:L)))),"")} | M2: {=IFERROR(IF(ROWS($K$2:M2)<=MAX('Tags - Classics'!$I$50:$I$12000),INDEX('Tags - Classics'!$A$50:$H$12000,MATCH(ROWS($K$2:M2),'Tags - Classics'!$I$50:$I$12000,0),COLUMNS($K:M)),IF(ROWS($K$2:M2)<=MAX('Tags - Classics'!$I$50:$I$12000)+MAX('Tags - Non-Classics'!$I$50:$I$8000),INDEX('Tags - Non-Classics'!$A$50:$H$8000,MATCH(ROWS($K$2:M2)-MAX('Tags - Classics'!$I$50:$I$12000),'Tags - Non-Classics'!$I$50:$I$8000,0),COLUMNS($K:M)),INDEX('Misc & Retail'!$A$50:$H$800,MATCH(ROWS($K$2:M2)-MAX('Tags - Classics'!$I$50:$I$12000)-MAX('Tags - Non-Classics'!$I$50:$I$8000),'Misc & Retail'!$I$50:$I$800,0),COLUMNS($K:M)))),"")} | N2: {=IFERROR(IF(ROWS($K$2:N2)<=MAX('Tags - Classics'!$I$50:$I$12000),INDEX('Tags - Classics'!$A$50:$H$12000,MATCH(ROWS($K$2:N2),'Tags - Classics'!$I$50:$I$12000,0),COLUMNS($K:N)),IF(ROWS($K$2:N2)<=MAX('Tags - Classics'!$I$50:$I$12000)+MAX('Tags - Non-Classics'!$I$50:$I$8000),INDEX('Tags - Non-Classics'!$A$50:$H$8000,MATCH(ROWS($K$2:N2)-MAX('Tags - Classics'!$I$50:$I$12000),'Tags - Non-Classics'!$I$50:$I$8000,0),COLUMNS($K:N)),INDEX('Misc & Retail'!$A$50:$H$800,MATCH(ROWS($K$2:N2)-MAX('Tags - Classics'!$I$50:$I$12000)-MAX('Tags - Non-Classics'!$I$50:$I$8000),'Misc & Retail'!$I$50:$I$800,0),COLUMNS($K:N)))),"")} | O2: {=IFERROR(IF(ROWS($K$2:O2)<=MAX('Tags - Classics'!$I$50:$I$12000),INDEX('Tags - Classics'!$A$50:$H$12000,MATCH(ROWS($K$2:O2),'Tags - Classics'!$I$50:$I$12000,0),COLUMNS($K:O)),IF(ROWS($K$2:O2)<=MAX('Tags - Classics'!$I$50:$I$12000)+MAX('Tags - Non-Classics'!$I$50:$I$8000),INDEX('Tags - Non-Classics'!$A$50:$H$8000,MATCH(ROWS($K$2:O2)-MAX('Tags - Classics'!$I$50:$I$12000),'Tags - Non-Classics'!$I$50:$I$8000,0),COLUMNS($K:O)),INDEX('Misc & Retail'!$A$50:$H$800,MATCH(ROWS($K$2:O2)-MAX('Tags - Classics'!$I$50:$I$12000)-MAX('Tags - Non-Classics'!$I$50:$I$8000),'Misc & Retail'!$I$50:$I$800,0),COLUMNS($K:O)))),"")} | P2: {=IFERROR(IF(ROWS($K$2:P2)<=MAX('Tags - Classics'!$I$50:$I$12000),INDEX('Tags - Classics'!$A$50:$H$12000,MATCH(ROWS($K$2:P2),'Tags - Classics'!$I$50:$I$12000,0),COLUMNS($K:P)),IF(ROWS($K$2:P2)<=MAX('Tags - Classics'!$I$50:$I$12000)+MAX('Tags - Non-Classics'!$I$50:$I$8000),INDEX('Tags - Non-Classics'!$A$50:$H$8000,MATCH(ROWS($K$2:P2)-MAX('Tags - Classics'!$I$50:$I$12000),'Tags - Non-Classics'!$I$50:$I$8000,0),COLUMNS($K:P)),INDEX('Misc & Retail'!$A$50:$H$800,MATCH(ROWS($K$2:P2)-MAX('Tags - Classics'!$I$50:$I$12000)-MAX('Tags - Non-Classics'!$I$50:$I$8000),'Misc & Retail'!$I$50:$I$800,0),COLUMNS($K:P)))),"")} | Q2: {=IFERROR(IF(ROWS($K$2:Q2)<=MAX('Tags - Classics'!$I$50:$I$12000),INDEX('Tags - Classics'!$A$50:$H$12000,MATCH(ROWS($K$2:Q2),'Tags - Classics'!$I$50:$I$12000,0),COLUMNS($K:Q)),IF(ROWS($K$2:Q2)<=MAX('Tags - Classics'!$I$50:$I$12000)+MAX('Tags - Non-Classics'!$I$50:$I$8000),INDEX('Tags - Non-Classics'!$A$50:$H$8000,MATCH(ROWS($K$2:Q2)-MAX('Tags - Classics'!$I$50:$I$12000),'Tags - Non-Classics'!$I$50:$I$8000,0),COLUMNS($K:Q)),INDEX('Misc & Retail'!$A$50:$H$800,MATCH(ROWS($K$2:Q2)-MAX('Tags - Classics'!$I$50:$I$12000)-MAX('Tags - Non-Classics'!$I$50:$I$8000),'Misc & Retail'!$I$50:$I$800,0),COLUMNS($K:Q)))),"")} | R2: {=IFERROR(IF(ROWS($K$2:R2)<=MAX('Tags - Classics'!$I$50:$I$12000),INDEX('Tags - Classics'!$A$50:$H$12000,MATCH(ROWS($K$2:R2),'Tags - Classics'!$I$50:$I$12000,0),COLUMNS($K:R)),IF(ROWS($K$2:R2)<=MAX('Tags - Classics'!$I$50:$I$12000)+MAX('Tags - Non-Classics'!$I$50:$I$8000),INDEX('Tags - Non-Classics'!$A$50:$H$8000,MATCH(ROWS($K$2:R2)-MAX('Tags - Classics'!$I$50:$I$12000),'Tags - Non-Classics'!$I$50:$I$8000,0),COLUMNS($K:R)),INDEX('Misc & Retail'!$A$50:$H$800,MATCH(ROWS($K$2:R2)-MAX('Tags - Classics'!$I$50:$I$12000)-MAX('Tags - Non-Classics'!$I$50:$I$8000),'Misc & Retail'!$I$50:$I$800,0),COLUMNS($K:R)))),"")}
A3: =IF(N3="","",K3) | B3: =IF(N3="","",O3) | C3: =IF(N3="","",M3) | H3: =IF(N3="","",N3) | I3: =I2+1 -> 3 | K3: {=IFERROR(IF(ROWS($K$2:K3)<=MAX('Tags - Classics'!$I$50:$I$12000),INDEX('Tags - Classics'!$A$50:$H$12000,MATCH(ROWS($K$2:K3),'Tags - Classics'!$I$50:$I$12000,0),COLUMNS($K:K)),IF(ROWS($K$2:K3)<=MAX('Tags - Classics'!$I$50:$I$12000)+MAX('Tags - Non-Classics'!$I$50:$I$8000),INDEX('Tags - Non-Classics'!$A$50:$H$8000,MATCH(ROWS($K$2:K3)-MAX('Tags - Classics'!$I$50:$I$12000),'Tags - Non-Classics'!$I$50:$I$8000,0),COLUMNS($K:K)),INDEX('Misc & Retail'!$A$50:$H$800,MATCH(ROWS($K$2:K3)-MAX('Tags - Classics'!$I$50:$I$12000)-MAX('Tags - Non-Classics'!$I$50:$I$8000),'Misc & Retail'!$I$50:$I$800,0),COLUMNS($K:K)))),"")} | L3: {=IFERROR(IF(ROWS($K$2:L3)<=MAX('Tags - Classics'!$I$50:$I$12000),INDEX('Tags - Classics'!$A$50:$H$12000,MATCH(ROWS($K$2:L3),'Tags - Classics'!$I$50:$I$12000,0),COLUMNS($K:L)),IF(ROWS($K$2:L3)<=MAX('Tags - Classics'!$I$50:$I$12000)+MAX('Tags - Non-Classics'!$I$50:$I$8000),INDEX('Tags - Non-Classics'!$A$50:$H$8000,MATCH(ROWS($K$2:L3)-MAX('Tags - Classics'!$I$50:$I$12000),'Tags - Non-Classics'!$I$50:$I$8000,0),COLUMNS($K:L)),INDEX('Misc & Retail'!$A$50:$H$800,MATCH(ROWS($K$2:L3)-MAX('Tags - Classics'!$I$50:$I$12000)-MAX('Tags - Non-Classics'!$I$50:$I$8000),'Misc & Retail'!$I$50:$I$800,0),COLUMNS($K:L)))),"")} | M3: {=IFERROR(IF(ROWS($K$2:M3)<=MAX('Tags - Classics'!$I$50:$I$12000),INDEX('Tags - Classics'!$A$50:$H$12000,MATCH(ROWS($K$2:M3),'Tags - Classics'!$I$50:$I$12000,0),COLUMNS($K:M)),IF(ROWS($K$2:M3)<=MAX('Tags - Classics'!$I$50:$I$12000)+MAX('Tags - Non-Classics'!$I$50:$I$8000),INDEX('Tags - Non-Classics'!$A$50:$H$8000,MATCH(ROWS($K$2:M3)-MAX('Tags - Classics'!$I$50:$I$12000),'Tags - Non-Classics'!$I$50:$I$8000,0),COLUMNS($K:M)),INDEX('Misc & Retail'!$A$50:$H$800,MATCH(ROWS($K$2:M3)-MAX('Tags - Classics'!$I$50:$I$12000)-MAX('Tags - Non-Classics'!$I$50:$I$8000),'Misc & Retail'!$I$50:$I$800,0),COLUMNS($K:M)))),"")} | N3: {=IFERROR(IF(ROWS($K$2:N3)<=MAX('Tags - Classics'!$I$50:$I$12000),INDEX('Tags - Classics'!$A$50:$H$12000,MATCH(ROWS($K$2:N3),'Tags - Classics'!$I$50:$I$12000,0),COLUMNS($K:N)),IF(ROWS($K$2:N3)<=MAX('Tags - Classics'!$I$50:$I$12000)+MAX('Tags - Non-Classics'!$I$50:$I$8000),INDEX('Tags - Non-Classics'!$A$50:$H$8000,MATCH(ROWS($K$2:N3)-MAX('Tags - Classics'!$I$50:$I$12000),'Tags - Non-Classics'!$I$50:$I$8000,0),COLUMNS($K:N)),INDEX('Misc & Retail'!$A$50:$H$800,MATCH(ROWS($K$2:N3)-MAX('Tags - Classics'!$I$50:$I$12000)-MAX('Tags - Non-Classics'!$I$50:$I$8000),'Misc & Retail'!$I$50:$I$800,0),COLUMNS($K:N)))),"")} | O3: {=IFERROR(IF(ROWS($K$2:O3)<=MAX('Tags - Classics'!$I$50:$I$12000),INDEX('Tags - Classics'!$A$50:$H$12000,MATCH(ROWS($K$2:O3),'Tags - Classics'!$I$50:$I$12000,0),COLUMNS($K:O)),IF(ROWS($K$2:O3)<=MAX('Tags - Classics'!$I$50:$I$12000)+MAX('Tags - Non-Classics'!$I$50:$I$8000),INDEX('Tags - Non-Classics'!$A$50:$H$8000,MATCH(ROWS($K$2:O3)-MAX('Tags - Classics'!$I$50:$I$12000),'Tags - Non-Classics'!$I$50:$I$8000,0),COLUMNS($K:O)),INDEX('Misc & Retail'!$A$50:$H$800,MATCH(ROWS($K$2:O3)-MAX('Tags - Classics'!$I$50:$I$12000)-MAX('Tags - Non-Classics'!$I$50:$I$8000),'Misc & Retail'!$I$50:$I$800,0),COLUMNS($K:O)))),"")} | P3: {=IFERROR(IF(ROWS($K$2:P3)<=MAX('Tags - Classics'!$I$50:$I$12000),INDEX('Tags - Classics'!$A$50:$H$12000,MATCH(ROWS($K$2:P3),'Tags - Classics'!$I$50:$I$12000,0),COLUMNS($K:P)),IF(ROWS($K$2:P3)<=MAX('Tags - Classics'!$I$50:$I$12000)+MAX('Tags - Non-Classics'!$I$50:$I$8000),INDEX('Tags - Non-Classics'!$A$50:$H$8000,MATCH(ROWS($K$2:P3)-MAX('Tags - Classics'!$I$50:$I$12000),'Tags - Non-Classics'!$I$50:$I$8000,0),COLUMNS($K:P)),INDEX('Misc & Retail'!$A$50:$H$800,MATCH(ROWS($K$2:P3)-MAX('Tags - Classics'!$I$50:$I$12000)-MAX('Tags - Non-Classics'!$I$50:$I$8000),'Misc & Retail'!$I$50:$I$800,0),COLUMNS($K:P)))),"")} | Q3: {=IFERROR(IF(ROWS($K$2:Q3)<=MAX('Tags - Classics'!$I$50:$I$12000),INDEX('Tags - Classics'!$A$50:$H$12000,MATCH(ROWS($K$2:Q3),'Tags - Classics'!$I$50:$I$12000,0),COLUMNS($K:Q)),IF(ROWS($K$2:Q3)<=MAX('Tags - Classics'!$I$50:$I$12000)+MAX('Tags - Non-Classics'!$I$50:$I$8000),INDEX('Tags - Non-Classics'!$A$50:$H$8000,MATCH(ROWS($K$2:Q3)-MAX('Tags - Classics'!$I$50:$I$12000),'Tags - Non-Classics'!$I$50:$I$8000,0),COLUMNS($K:Q)),INDEX('Misc & Retail'!$A$50:$H$800,MATCH(ROWS($K$2:Q3)-MAX('Tags - Classics'!$I$50:$I$12000)-MAX('Tags - Non-Classics'!$I$50:$I$8000),'Misc & Retail'!$I$50:$I$800,0),COLUMNS($K:Q)))),"")} | R3: {=IFERROR(IF(ROWS($K$2:R3)<=MAX('Tags - Classics'!$I$50:$I$12000),INDEX('Tags - Classics'!$A$50:$H$12000,MATCH(ROWS($K$2:R3),'Tags - Classics'!$I$50:$I$12000,0),COLUMNS($K:R)),IF(ROWS($K$2:R3)<=MAX('Tags - Classics'!$I$50:$I$12000)+MAX('Tags - Non-Classics'!$I$50:$I$8000),INDEX('Tags - Non-Classics'!$A$50:$H$8000,MATCH(ROWS($K$2:R3)-MAX('Tags - Classics'!$I$50:$I$12000),'Tags - Non-Classics'!$I$50:$I$8000,0),COLUMNS($K:R)),INDEX('Misc & Retail'!$A$50:$H$800,MATCH(ROWS($K$2:R3)-MAX('Tags - Classics'!$I$50:$I$12000)-MAX('Tags - Non-Classics'!$I$50:$I$8000),'Misc & Retail'!$I$50:$I$800,0),COLUMNS($K:R)))),"")}
A4: =IF(N4="","",K4) | B4: =IF(N4="","",O4) | C4: =IF(N4="","",M4) | H4: =IF(N4="","",N4) | I4: =I3+1 -> 4 | K4: {=IFERROR(IF(ROWS($K$2:K4)<=MAX('Tags - Classics'!$I$50:$I$12000),INDEX('Tags - Classics'!$A$50:$H$12000,MATCH(ROWS($K$2:K4),'Tags - Classics'!$I$50:$I$12000,0),COLUMNS($K:K)),IF(ROWS($K$2:K4)<=MAX('Tags - Classics'!$I$50:$I$12000)+MAX('Tags - Non-Classics'!$I$50:$I$8000),INDEX('Tags - Non-Classics'!$A$50:$H$8000,MATCH(ROWS($K$2:K4)-MAX('Tags - Classics'!$I$50:$I$12000),'Tags - Non-Classics'!$I$50:$I$8000,0),COLUMNS($K:K)),INDEX('Misc & Retail'!$A$50:$H$800,MATCH(ROWS($K$2:K4)-MAX('Tags - Classics'!$I$50:$I$12000)-MAX('Tags - Non-Classics'!$I$50:$I$8000),'Misc & Retail'!$I$50:$I$800,0),COLUMNS($K:K)))),"")} | L4: {=IFERROR(IF(ROWS($K$2:L4)<=MAX('Tags - Classics'!$I$50:$I$12000),INDEX('Tags - Classics'!$A$50:$H$12000,MATCH(ROWS($K$2:L4),'Tags - Classics'!$I$50:$I$12000,0),COLUMNS($K:L)),IF(ROWS($K$2:L4)<=MAX('Tags - Classics'!$I$50:$I$12000)+MAX('Tags - Non-Classics'!$I$50:$I$8000),INDEX('Tags - Non-Classics'!$A$50:$H$8000,MATCH(ROWS($K$2:L4)-MAX('Tags - Classics'!$I$50:$I$12000),'Tags - Non-Classics'!$I$50:$I$8000,0),COLUMNS($K:L)),INDEX('Misc & Retail'!$A$50:$H$800,MATCH(ROWS($K$2:L4)-MAX('Tags - Classics'!$I$50:$I$12000)-MAX('Tags - Non-Classics'!$I$50:$I$8000),'Misc & Retail'!$I$50:$I$800,0),COLUMNS($K:L)))),"")} | M4: {=IFERROR(IF(ROWS($K$2:M4)<=MAX('Tags - Classics'!$I$50:$I$12000),INDEX('Tags - Classics'!$A$50:$H$12000,MATCH(ROWS($K$2:M4),'Tags - Classics'!$I$50:$I$12000,0),COLUMNS($K:M)),IF(ROWS($K$2:M4)<=MAX('Tags - Classics'!$I$50:$I$12000)+MAX('Tags - Non-Classics'!$I$50:$I$8000),INDEX('Tags - Non-Classics'!$A$50:$H$8000,MATCH(ROWS($K$2:M4)-MAX('Tags - Classics'!$I$50:$I$12000),'Tags - Non-Classics'!$I$50:$I$8000,0),COLUMNS($K:M)),INDEX('Misc & Retail'!$A$50:$H$800,MATCH(ROWS($K$2:M4)-MAX('Tags - Classics'!$I$50:$I$12000)-MAX('Tags - Non-Classics'!$I$50:$I$8000),'Misc & Retail'!$I$50:$I$800,0),COLUMNS($K:M)))),"")} | N4: {=IFERROR(IF(ROWS($K$2:N4)<=MAX('Tags - Classics'!$I$50:$I$12000),INDEX('Tags - Classics'!$A$50:$H$12000,MATCH(ROWS($K$2:N4),'Tags - Classics'!$I$50:$I$12000,0),COLUMNS($K:N)),IF(ROWS($K$2:N4)<=MAX('Tags - Classics'!$I$50:$I$12000)+MAX('Tags - Non-Classics'!$I$50:$I$8000),INDEX('Tags - Non-Classics'!$A$50:$H$8000,MATCH(ROWS($K$2:N4)-MAX('Tags - Classics'!$I$50:$I$12000),'Tags - Non-Classics'!$I$50:$I$8000,0),COLUMNS($K:N)),INDEX('Misc & Retail'!$A$50:$H$800,MATCH(ROWS($K$2:N4)-MAX('Tags - Classics'!$I$50:$I$12000)-MAX('Tags - Non-Classics'!$I$50:$I$8000),'Misc & Retail'!$I$50:$I$800,0),COLUMNS($K:N)))),"")} | O4: {=IFERROR(IF(ROWS($K$2:O4)<=MAX('Tags - Classics'!$I$50:$I$12000),INDEX('Tags - Classics'!$A$50:$H$12000,MATCH(ROWS($K$2:O4),'Tags - Classics'!$I$50:$I$12000,0),COLUMNS($K:O)),IF(ROWS($K$2:O4)<=MAX('Tags - Classics'!$I$50:$I$12000)+MAX('Tags - Non-Classics'!$I$50:$I$8000),INDEX('Tags - Non-Classics'!$A$50:$H$8000,MATCH(ROWS($K$2:O4)-MAX('Tags - Classics'!$I$50:$I$12000),'Tags - Non-Classics'!$I$50:$I$8000,0),COLUMNS($K:O)),INDEX('Misc & Retail'!$A$50:$H$800,MATCH(ROWS($K$2:O4)-MAX('Tags - Classics'!$I$50:$I$12000)-MAX('Tags - Non-Classics'!$I$50:$I$8000),'Misc & Retail'!$I$50:$I$800,0),COLUMNS($K:O)))),"")} | P4: {=IFERROR(IF(ROWS($K$2:P4)<=MAX('Tags - Classics'!$I$50:$I$12000),INDEX('Tags - Classics'!$A$50:$H$12000,MATCH(ROWS($K$2:P4),'Tags - Classics'!$I$50:$I$12000,0),COLUMNS($K:P)),IF(ROWS($K$2:P4)<=MAX('Tags - Classics'!$I$50:$I$12000)+MAX('Tags - Non-Classics'!$I$50:$I$8000),INDEX('Tags - Non-Classics'!$A$50:$H$8000,MATCH(ROWS($K$2:P4)-MAX('Tags - Classics'!$I$50:$I$12000),'Tags - Non-Classics'!$I$50:$I$8000,0),COLUMNS($K:P)),INDEX('Misc & Retail'!$A$50:$H$800,MATCH(ROWS($K$2:P4)-MAX('Tags - Classics'!$I$50:$I$12000)-MAX('Tags - Non-Classics'!$I$50:$I$8000),'Misc & Retail'!$I$50:$I$800,0),COLUMNS($K:P)))),"")} | Q4: {=IFERROR(IF(ROWS($K$2:Q4)<=MAX('Tags - Classics'!$I$50:$I$12000),INDEX('Tags - Classics'!$A$50:$H$12000,MATCH(ROWS($K$2:Q4),'Tags - Classics'!$I$50:$I$12000,0),COLUMNS($K:Q)),IF(ROWS($K$2:Q4)<=MAX('Tags - Classics'!$I$50:$I$12000)+MAX('Tags - Non-Classics'!$I$50:$I$8000),INDEX('Tags - Non-Classics'!$A$50:$H$8000,MATCH(ROWS($K$2:Q4)-MAX('Tags - Classics'!$I$50:$I$12000),'Tags - Non-Classics'!$I$50:$I$8000,0),COLUMNS($K:Q)),INDEX('Misc & Retail'!$A$50:$H$800,MATCH(ROWS($K$2:Q4)-MAX('Tags - Classics'!$I$50:$I$12000)-MAX('Tags - Non-Classics'!$I$50:$I$8000),'Misc & Retail'!$I$50:$I$800,0),COLUMNS($K:Q)))),"")} | R4: {=IFERROR(IF(ROWS($K$2:R4)<=MAX('Tags - Classics'!$I$50:$I$12000),INDEX('Tags - Classics'!$A$50:$H$12000,MATCH(ROWS($K$2:R4),'Tags - Classics'!$I$50:$I$12000,0),COLUMNS($K:R)),IF(ROWS($K$2:R4)<=MAX('Tags - Classics'!$I$50:$I$12000)+MAX('Tags - Non-Classics'!$I$50:$I$8000),INDEX('Tags - Non-Classics'!$A$50:$H$8000,MATCH(ROWS($K$2:R4)-MAX('Tags - Classics'!$I$50:$I$12000),'Tags - Non-Classics'!$I$50:$I$8000,0),COLUMNS($K:R)),INDEX('Misc & Retail'!$A$50:$H$800,MATCH(ROWS($K$2:R4)-MAX('Tags - Classics'!$I$50:$I$12000)-MAX('Tags - Non-Classics'!$I$50:$I$8000),'Misc & Retail'!$I$50:$I$800,0),COLUMNS($K:R)))),"")}
A5: =IF(N5="","",K5) | B5: =IF(N5="","",O5) | C5: =IF(N5="","",M5) | H5: =IF(N5="","",N5) | I5: =I4+1 -> 5 | K5: {=IFERROR(IF(ROWS($K$2:K5)<=MAX('Tags - Classics'!$I$50:$I$12000),INDEX('Tags - Classics'!$A$50:$H$12000,MATCH(ROWS($K$2:K5),'Tags - Classics'!$I$50:$I$12000,0),COLUMNS($K:K)),IF(ROWS($K$2:K5)<=MAX('Tags - Classics'!$I$50:$I$12000)+MAX('Tags - Non-Classics'!$I$50:$I$8000),INDEX('Tags - Non-Classics'!$A$50:$H$8000,MATCH(ROWS($K$2:K5)-MAX('Tags - Classics'!$I$50:$I$12000),'Tags - Non-Classics'!$I$50:$I$8000,0),COLUMNS($K:K)),INDEX('Misc & Retail'!$A$50:$H$800,MATCH(ROWS($K$2:K5)-MAX('Tags - Classics'!$I$50:$I$12000)-MAX('Tags - Non-Classics'!$I$50:$I$8000),'Misc & Retail'!$I$50:$I$800,0),COLUMNS($K:K)))),"")} | L5: {=IFERROR(IF(ROWS($K$2:L5)<=MAX('Tags - Classics'!$I$50:$I$12000),INDEX('Tags - Classics'!$A$50:$H$12000,MATCH(ROWS($K$2:L5),'Tags - Classics'!$I$50:$I$12000,0),COLUMNS($K:L)),IF(ROWS($K$2:L5)<=MAX('Tags - Classics'!$I$50:$I$12000)+MAX('Tags - Non-Classics'!$I$50:$I$8000),INDEX('Tags - Non-Classics'!$A$50:$H$8000,MATCH(ROWS($K$2:L5)-MAX('Tags - Classics'!$I$50:$I$12000),'Tags - Non-Classics'!$I$50:$I$8000,0),COLUMNS($K:L)),INDEX('Misc & Retail'!$A$50:$H$800,MATCH(ROWS($K$2:L5)-MAX('Tags - Classics'!$I$50:$I$12000)-MAX('Tags - Non-Classics'!$I$50:$I$8000),'Misc & Retail'!$I$50:$I$800,0),COLUMNS($K:L)))),"")} | M5: {=IFERROR(IF(ROWS($K$2:M5)<=MAX('Tags - Classics'!$I$50:$I$12000),INDEX('Tags - Classics'!$A$50:$H$12000,MATCH(ROWS($K$2:M5),'Tags - Classics'!$I$50:$I$12000,0),COLUMNS($K:M)),IF(ROWS($K$2:M5)<=MAX('Tags - Classics'!$I$50:$I$12000)+MAX('Tags - Non-Classics'!$I$50:$I$8000),INDEX('Tags - Non-Classics'!$A$50:$H$8000,MATCH(ROWS($K$2:M5)-MAX('Tags - Classics'!$I$50:$I$12000),'Tags - Non-Classics'!$I$50:$I$8000,0),COLUMNS($K:M)),INDEX('Misc & Retail'!$A$50:$H$800,MATCH(ROWS($K$2:M5)-MAX('Tags - Classics'!$I$50:$I$12000)-MAX('Tags - Non-Classics'!$I$50:$I$8000),'Misc & Retail'!$I$50:$I$800,0),COLUMNS($K:M)))),"")} | N5: {=IFERROR(IF(ROWS($K$2:N5)<=MAX('Tags - Classics'!$I$50:$I$12000),INDEX('Tags - Classics'!$A$50:$H$12000,MATCH(ROWS($K$2:N5),'Tags - Classics'!$I$50:$I$12000,0),COLUMNS($K:N)),IF(ROWS($K$2:N5)<=MAX('Tags - Classics'!$I$50:$I$12000)+MAX('Tags - Non-Classics'!$I$50:$I$8000),INDEX('Tags - Non-Classics'!$A$50:$H$8000,MATCH(ROWS($K$2:N5)-MAX('Tags - Classics'!$I$50:$I$12000),'Tags - Non-Classics'!$I$50:$I$8000,0),COLUMNS($K:N)),INDEX('Misc & Retail'!$A$50:$H$800,MATCH(ROWS($K$2:N5)-MAX('Tags - Classics'!$I$50:$I$12000)-MAX('Tags - Non-Classics'!$I$50:$I$8000),'Misc & Retail'!$I$50:$I$800,0),COLUMNS($K:N)))),"")} | O5: {=IFERROR(IF(ROWS($K$2:O5)<=MAX('Tags - Classics'!$I$50:$I$12000),INDEX('Tags - Classics'!$A$50:$H$12000,MATCH(ROWS($K$2:O5),'Tags - Classics'!$I$50:$I$12000,0),COLUMNS($K:O)),IF(ROWS($K$2:O5)<=MAX('Tags - Classics'!$I$50:$I$12000)+MAX('Tags - Non-Classics'!$I$50:$I$8000),INDEX('Tags - Non-Classics'!$A$50:$H$8000,MATCH(ROWS($K$2:O5)-MAX('Tags - Classics'!$I$50:$I$12000),'Tags - Non-Classics'!$I$50:$I$8000,0),COLUMNS($K:O)),INDEX('Misc & Retail'!$A$50:$H$800,MATCH(ROWS($K$2:O5)-MAX('Tags - Classics'!$I$50:$I$12000)-MAX('Tags - Non-Classics'!$I$50:$I$8000),'Misc & Retail'!$I$50:$I$800,0),COLUMNS($K:O)))),"")} | P5: {=IFERROR(IF(ROWS($K$2:P5)<=MAX('Tags - Classics'!$I$50:$I$12000),INDEX('Tags - Classics'!$A$50:$H$12000,MATCH(ROWS($K$2:P5),'Tags - Classics'!$I$50:$I$12000,0),COLUMNS($K:P)),IF(ROWS($K$2:P5)<=MAX('Tags - Classics'!$I$50:$I$12000)+MAX('Tags - Non-Classics'!$I$50:$I$8000),INDEX('Tags - Non-Classics'!$A$50:$H$8000,MATCH(ROWS($K$2:P5)-MAX('Tags - Classics'!$I$50:$I$12000),'Tags - Non-Classics'!$I$50:$I$8000,0),COLUMNS($K:P)),INDEX('Misc & Retail'!$A$50:$H$800,MATCH(ROWS($K$2:P5)-MAX('Tags - Classics'!$I$50:$I$12000)-MAX('Tags - Non-Classics'!$I$50:$I$8000),'Misc & Retail'!$I$50:$I$800,0),COLUMNS($K:P)))),"")} | Q5: {=IFERROR(IF(ROWS($K$2:Q5)<=MAX('Tags - Classics'!$I$50:$I$12000),INDEX('Tags - Classics'!$A$50:$H$12000,MATCH(ROWS($K$2:Q5),'Tags - Classics'!$I$50:$I$12000,0),COLUMNS($K:Q)),IF(ROWS($K$2:Q5)<=MAX('Tags - Classics'!$I$50:$I$12000)+MAX('Tags - Non-Classics'!$I$50:$I$8000),INDEX('Tags - Non-Classics'!$A$50:$H$8000,MATCH(ROWS($K$2:Q5)-MAX('Tags - Classics'!$I$50:$I$12000),'Tags - Non-Classics'!$I$50:$I$8000,0),COLUMNS($K:Q)),INDEX('Misc & Retail'!$A$50:$H$800,MATCH(ROWS($K$2:Q5)-MAX('Tags - Classics'!$I$50:$I$12000)-MAX('Tags - Non-Classics'!$I$50:$I$8000),'Misc & Retail'!$I$50:$I$800,0),COLUMNS($K:Q)))),"")} | R5: {=IFERROR(IF(ROWS($K$2:R5)<=MAX('Tags - Classics'!$I$50:$I$12000),INDEX('Tags - Classics'!$A$50:$H$12000,MATCH(ROWS($K$2:R5),'Tags - Classics'!$I$50:$I$12000,0),COLUMNS($K:R)),IF(ROWS($K$2:R5)<=MAX('Tags - Classics'!$I$50:$I$12000)+MAX('Tags - Non-Classics'!$I$50:$I$8000),INDEX('Tags - Non-Classics'!$A$50:$H$8000,MATCH(ROWS($K$2:R5)-MAX('Tags - Classics'!$I$50:$I$12000),'Tags - Non-Classics'!$I$50:$I$8000,0),COLUMNS($K:R)),INDEX('Misc & Retail'!$A$50:$H$800,MATCH(ROWS($K$2:R5)-MAX('Tags - Classics'!$I$50:$I$12000)-MAX('Tags - Non-Classics'!$I$50:$I$8000),'Misc & Retail'!$I$50:$I$800,0),COLUMNS($K:R)))),"")}
A6: =IF(N6="","",K6) | B6: =IF(N6="","",O6) | C6: =IF(N6="","",M6) | H6: =IF(N6="","",N6) | I6: =I5+1 -> 6 | K6: {=IFERROR(IF(ROWS($K$2:K6)<=MAX('Tags - Classics'!$I$50:$I$12000),INDEX('Tags - Classics'!$A$50:$H$12000,MATCH(ROWS($K$2:K6),'Tags - Classics'!$I$50:$I$12000,0),COLUMNS($K:K)),IF(ROWS($K$2:K6)<=MAX('Tags - Classics'!$I$50:$I$12000)+MAX('Tags - Non-Classics'!$I$50:$I$8000),INDEX('Tags - Non-Classics'!$A$50:$H$8000,MATCH(ROWS($K$2:K6)-MAX('Tags - Classics'!$I$50:$I$12000),'Tags - Non-Classics'!$I$50:$I$8000,0),COLUMNS($K:K)),INDEX('Misc & Retail'!$A$50:$H$800,MATCH(ROWS($K$2:K6)-MAX('Tags - Classics'!$I$50:$I$12000)-MAX('Tags - Non-Classics'!$I$50:$I$8000),'Misc & Retail'!$I$50:$I$800,0),COLUMNS($K:K)))),"")} | L6: {=IFERROR(IF(ROWS($K$2:L6)<=MAX('Tags - Classics'!$I$50:$I$12000),INDEX('Tags - Classics'!$A$50:$H$12000,MATCH(ROWS($K$2:L6),'Tags - Classics'!$I$50:$I$12000,0),COLUMNS($K:L)),IF(ROWS($K$2:L6)<=MAX('Tags - Classics'!$I$50:$I$12000)+MAX('Tags - Non-Classics'!$I$50:$I$8000),INDEX('Tags - Non-Classics'!$A$50:$H$8000,MATCH(ROWS($K$2:L6)-MAX('Tags - Classics'!$I$50:$I$12000),'Tags - Non-Classics'!$I$50:$I$8000,0),COLUMNS($K:L)),INDEX('Misc & Retail'!$A$50:$H$800,MATCH(ROWS($K$2:L6)-MAX('Tags - Classics'!$I$50:$I$12000)-MAX('Tags - Non-Classics'!$I$50:$I$8000),'Misc & Retail'!$I$50:$I$800,0),COLUMNS($K:L)))),"")} | M6: {=IFERROR(IF(ROWS($K$2:M6)<=MAX('Tags - Classics'!$I$50:$I$12000),INDEX('Tags - Classics'!$A$50:$H$12000,MATCH(ROWS($K$2:M6),'Tags - Classics'!$I$50:$I$12000,0),COLUMNS($K:M)),IF(ROWS($K$2:M6)<=MAX('Tags - Classics'!$I$50:$I$12000)+MAX('Tags - Non-Classics'!$I$50:$I$8000),INDEX('Tags - Non-Classics'!$A$50:$H$8000,MATCH(ROWS($K$2:M6)-MAX('Tags - Classics'!$I$50:$I$12000),'Tags - Non-Classics'!$I$50:$I$8000,0),COLUMNS($K:M)),INDEX('Misc & Retail'!$A$50:$H$800,MATCH(ROWS($K$2:M6)-MAX('Tags - Classics'!$I$50:$I$12000)-MAX('Tags - Non-Classics'!$I$50:$I$8000),'Misc & Retail'!$I$50:$I$800,0),COLUMNS($K:M)))),"")} | N6: {=IFERROR(IF(ROWS($K$2:N6)<=MAX('Tags - Classics'!$I$50:$I$12000),INDEX('Tags - Classics'!$A$50:$H$12000,MATCH(ROWS($K$2:N6),'Tags - Classics'!$I$50:$I$12000,0),COLUMNS($K:N)),IF(ROWS($K$2:N6)<=MAX('Tags - Classics'!$I$50:$I$12000)+MAX('Tags - Non-Classics'!$I$50:$I$8000),INDEX('Tags - Non-Classics'!$A$50:$H$8000,MATCH(ROWS($K$2:N6)-MAX('Tags - Classics'!$I$50:$I$12000),'Tags - Non-Classics'!$I$50:$I$8000,0),COLUMNS($K:N)),INDEX('Misc & Retail'!$A$50:$H$800,MATCH(ROWS($K$2:N6)-MAX('Tags - Classics'!$I$50:$I$12000)-MAX('Tags - Non-Classics'!$I$50:$I$8000),'Misc & Retail'!$I$50:$I$800,0),COLUMNS($K:N)))),"")} | O6: {=IFERROR(IF(ROWS($K$2:O6)<=MAX('Tags - Classics'!$I$50:$I$12000),INDEX('Tags - Classics'!$A$50:$H$12000,MATCH(ROWS($K$2:O6),'Tags - Classics'!$I$50:$I$12000,0),COLUMNS($K:O)),IF(ROWS($K$2:O6)<=MAX('Tags - Classics'!$I$50:$I$12000)+MAX('Tags - Non-Classics'!$I$50:$I$8000),INDEX('Tags - Non-Classics'!$A$50:$H$8000,MATCH(ROWS($K$2:O6)-MAX('Tags - Classics'!$I$50:$I$12000),'Tags - Non-Classics'!$I$50:$I$8000,0),COLUMNS($K:O)),INDEX('Misc & Retail'!$A$50:$H$800,MATCH(ROWS($K$2:O6)-MAX('Tags - Classics'!$I$50:$I$12000)-MAX('Tags - Non-Classics'!$I$50:$I$8000),'Misc & Retail'!$I$50:$I$800,0),COLUMNS($K:O)))),"")} | P6: {=IFERROR(IF(ROWS($K$2:P6)<=MAX('Tags - Classics'!$I$50:$I$12000),INDEX('Tags - Classics'!$A$50:$H$12000,MATCH(ROWS($K$2:P6),'Tags - Classics'!$I$50:$I$12000,0),COLUMNS($K:P)),IF(ROWS($K$2:P6)<=MAX('Tags - Classics'!$I$50:$I$12000)+MAX('Tags - Non-Classics'!$I$50:$I$8000),INDEX('Tags - Non-Classics'!$A$50:$H$8000,MATCH(ROWS($K$2:P6)-MAX('Tags - Classics'!$I$50:$I$12000),'Tags - Non-Classics'!$I$50:$I$8000,0),COLUMNS($K:P)),INDEX('Misc & Retail'!$A$50:$H$800,MATCH(ROWS($K$2:P6)-MAX('Tags - Classics'!$I$50:$I$12000)-MAX('Tags - Non-Classics'!$I$50:$I$8000),'Misc & Retail'!$I$50:$I$800,0),COLUMNS($K:P)))),"")} | Q6: {=IFERROR(IF(ROWS($K$2:Q6)<=MAX('Tags - Classics'!$I$50:$I$12000),INDEX('Tags - Classics'!$A$50:$H$12000,MATCH(ROWS($K$2:Q6),'Tags - Classics'!$I$50:$I$12000,0),COLUMNS($K:Q)),IF(ROWS($K$2:Q6)<=MAX('Tags - Classics'!$I$50:$I$12000)+MAX('Tags - Non-Classics'!$I$50:$I$8000),INDEX('Tags - Non-Classics'!$A$50:$H$8000,MATCH(ROWS($K$2:Q6)-MAX('Tags - Classics'!$I$50:$I$12000),'Tags - Non-Classics'!$I$50:$I$8000,0),COLUMNS($K:Q)),INDEX('Misc & Retail'!$A$50:$H$800,MATCH(ROWS($K$2:Q6)-MAX('Tags - Classics'!$I$50:$I$12000)-MAX('Tags - Non-Classics'!$I$50:$I$8000),'Misc & Retail'!$I$50:$I$800,0),COLUMNS($K:Q)))),"")} | R6: {=IFERROR(IF(ROWS($K$2:R6)<=MAX('Tags - Classics'!$I$50:$I$12000),INDEX('Tags - Classics'!$A$50:$H$12000,MATCH(ROWS($K$2:R6),'Tags - Classics'!$I$50:$I$12000,0),COLUMNS($K:R)),IF(ROWS($K$2:R6)<=MAX('Tags - Classics'!$I$50:$I$12000)+MAX('Tags - Non-Classics'!$I$50:$I$8000),INDEX('Tags - Non-Classics'!$A$50:$H$8000,MATCH(ROWS($K$2:R6)-MAX('Tags - Classics'!$I$50:$I$12000),'Tags - Non-Classics'!$I$50:$I$8000,0),COLUMNS($K:R)),INDEX('Misc & Retail'!$A$50:$H$800,MATCH(ROWS($K$2:R6)-MAX('Tags - Classics'!$I$50:$I$12000)-MAX('Tags - Non-Classics'!$I$50:$I$8000),'Misc & Retail'!$I$50:$I$800,0),COLUMNS($K:R)))),"")}
A7: =IF(N7="","",K7) | B7: =IF(N7="","",O7) | C7: =IF(N7="","",M7) | H7: =IF(N7="","",N7) | I7: =I6+1 -> 7 | K7: {=IFERROR(IF(ROWS($K$2:K7)<=MAX('Tags - Classics'!$I$50:$I$12000),INDEX('Tags - Classics'!$A$50:$H$12000,MATCH(ROWS($K$2:K7),'Tags - Classics'!$I$50:$I$12000,0),COLUMNS($K:K)),IF(ROWS($K$2:K7)<=MAX('Tags - Classics'!$I$50:$I$12000)+MAX('Tags - Non-Classics'!$I$50:$I$8000),INDEX('Tags - Non-Classics'!$A$50:$H$8000,MATCH(ROWS($K$2:K7)-MAX('Tags - Classics'!$I$50:$I$12000),'Tags - Non-Classics'!$I$50:$I$8000,0),COLUMNS($K:K)),INDEX('Misc & Retail'!$A$50:$H$800,MATCH(ROWS($K$2:K7)-MAX('Tags - Classics'!$I$50:$I$12000)-MAX('Tags - Non-Classics'!$I$50:$I$8000),'Misc & Retail'!$I$50:$I$800,0),COLUMNS($K:K)))),"")} | L7: {=IFERROR(IF(ROWS($K$2:L7)<=MAX('Tags - Classics'!$I$50:$I$12000),INDEX('Tags - Classics'!$A$50:$H$12000,MATCH(ROWS($K$2:L7),'Tags - Classics'!$I$50:$I$12000,0),COLUMNS($K:L)),IF(ROWS($K$2:L7)<=MAX('Tags - Classics'!$I$50:$I$12000)+MAX('Tags - Non-Classics'!$I$50:$I$8000),INDEX('Tags - Non-Classics'!$A$50:$H$8000,MATCH(ROWS($K$2:L7)-MAX('Tags - Classics'!$I$50:$I$12000),'Tags - Non-Classics'!$I$50:$I$8000,0),COLUMNS($K:L)),INDEX('Misc & Retail'!$A$50:$H$800,MATCH(ROWS($K$2:L7)-MAX('Tags - Classics'!$I$50:$I$12000)-MAX('Tags - Non-Classics'!$I$50:$I$8000),'Misc & Retail'!$I$50:$I$800,0),COLUMNS($K:L)))),"")} | M7: {=IFERROR(IF(ROWS($K$2:M7)<=MAX('Tags - Classics'!$I$50:$I$12000),INDEX('Tags - Classics'!$A$50:$H$12000,MATCH(ROWS($K$2:M7),'Tags - Classics'!$I$50:$I$12000,0),COLUMNS($K:M)),IF(ROWS($K$2:M7)<=MAX('Tags - Classics'!$I$50:$I$12000)+MAX('Tags - Non-Classics'!$I$50:$I$8000),INDEX('Tags - Non-Classics'!$A$50:$H$8000,MATCH(ROWS($K$2:M7)-MAX('Tags - Classics'!$I$50:$I$12000),'Tags - Non-Classics'!$I$50:$I$8000,0),COLUMNS($K:M)),INDEX('Misc & Retail'!$A$50:$H$800,MATCH(ROWS($K$2:M7)-MAX('Tags - Classics'!$I$50:$I$12000)-MAX('Tags - Non-Classics'!$I$50:$I$8000),'Misc & Retail'!$I$50:$I$800,0),COLUMNS($K:M)))),"")} | N7: {=IFERROR(IF(ROWS($K$2:N7)<=MAX('Tags - Classics'!$I$50:$I$12000),INDEX('Tags - Classics'!$A$50:$H$12000,MATCH(ROWS($K$2:N7),'Tags - Classics'!$I$50:$I$12000,0),COLUMNS($K:N)),IF(ROWS($K$2:N7)<=MAX('Tags - Classics'!$I$50:$I$12000)+MAX('Tags - Non-Classics'!$I$50:$I$8000),INDEX('Tags - Non-Classics'!$A$50:$H$8000,MATCH(ROWS($K$2:N7)-MAX('Tags - Classics'!$I$50:$I$12000),'Tags - Non-Classics'!$I$50:$I$8000,0),COLUMNS($K:N)),INDEX('Misc & Retail'!$A$50:$H$800,MATCH(ROWS($K$2:N7)-MAX('Tags - Classics'!$I$50:$I$12000)-MAX('Tags - Non-Classics'!$I$50:$I$8000),'Misc & Retail'!$I$50:$I$800,0),COLUMNS($K:N)))),"")} | O7: {=IFERROR(IF(ROWS($K$2:O7)<=MAX('Tags - Classics'!$I$50:$I$12000),INDEX('Tags - Classics'!$A$50:$H$12000,MATCH(ROWS($K$2:O7),'Tags - Classics'!$I$50:$I$12000,0),COLUMNS($K:O)),IF(ROWS($K$2:O7)<=MAX('Tags - Classics'!$I$50:$I$12000)+MAX('Tags - Non-Classics'!$I$50:$I$8000),INDEX('Tags - Non-Classics'!$A$50:$H$8000,MATCH(ROWS($K$2:O7)-MAX('Tags - Classics'!$I$50:$I$12000),'Tags - Non-Classics'!$I$50:$I$8000,0),COLUMNS($K:O)),INDEX('Misc & Retail'!$A$50:$H$800,MATCH(ROWS($K$2:O7)-MAX('Tags - Classics'!$I$50:$I$12000)-MAX('Tags - Non-Classics'!$I$50:$I$8000),'Misc & Retail'!$I$50:$I$800,0),COLUMNS($K:O)))),"")} | P7: {=IFERROR(IF(ROWS($K$2:P7)<=MAX('Tags - Classics'!$I$50:$I$12000),INDEX('Tags - Classics'!$A$50:$H$12000,MATCH(ROWS($K$2:P7),'Tags - Classics'!$I$50:$I$12000,0),COLUMNS($K:P)),IF(ROWS($K$2:P7)<=MAX('Tags - Classics'!$I$50:$I$12000)+MAX('Tags - Non-Classics'!$I$50:$I$8000),INDEX('Tags - Non-Classics'!$A$50:$H$8000,MATCH(ROWS($K$2:P7)-MAX('Tags - Classics'!$I$50:$I$12000),'Tags - Non-Classics'!$I$50:$I$8000,0),COLUMNS($K:P)),INDEX('Misc & Retail'!$A$50:$H$800,MATCH(ROWS($K$2:P7)-MAX('Tags - Classics'!$I$50:$I$12000)-MAX('Tags - Non-Classics'!$I$50:$I$8000),'Misc & Retail'!$I$50:$I$800,0),COLUMNS($K:P)))),"")} | Q7: {=IFERROR(IF(ROWS($K$2:Q7)<=MAX('Tags - Classics'!$I$50:$I$12000),INDEX('Tags - Classics'!$A$50:$H$12000,MATCH(ROWS($K$2:Q7),'Tags - Classics'!$I$50:$I$12000,0),COLUMNS($K:Q)),IF(ROWS($K$2:Q7)<=MAX('Tags - Classics'!$I$50:$I$12000)+MAX('Tags - Non-Classics'!$I$50:$I$8000),INDEX('Tags - Non-Classics'!$A$50:$H$8000,MATCH(ROWS($K$2:Q7)-MAX('Tags - Classics'!$I$50:$I$12000),'Tags - Non-Classics'!$I$50:$I$8000,0),COLUMNS($K:Q)),INDEX('Misc & Retail'!$A$50:$H$800,MATCH(ROWS($K$2:Q7)-MAX('Tags - Classics'!$I$50:$I$12000)-MAX('Tags - Non-Classics'!$I$50:$I$8000),'Misc & Retail'!$I$50:$I$800,0),COLUMNS($K:Q)))),"")} | R7: {=IFERROR(IF(ROWS($K$2:R7)<=MAX('Tags - Classics'!$I$50:$I$12000),INDEX('Tags - Classics'!$A$50:$H$12000,MATCH(ROWS($K$2:R7),'Tags - Classics'!$I$50:$I$12000,0),COLUMNS($K:R)),IF(ROWS($K$2:R7)<=MAX('Tags - Classics'!$I$50:$I$12000)+MAX('Tags - Non-Classics'!$I$50:$I$8000),INDEX('Tags - Non-Classics'!$A$50:$H$8000,MATCH(ROWS($K$2:R7)-MAX('Tags - Classics'!$I$50:$I$12000),'Tags - Non-Classics'!$I$50:$I$8000,0),COLUMNS($K:R)),INDEX('Misc & Retail'!$A$50:$H$800,MATCH(ROWS($K$2:R7)-MAX('Tags - Classics'!$I$50:$I$12000)-MAX('Tags - Non-Classics'!$I$50:$I$8000),'Misc & Retail'!$I$50:$I$800,0),COLUMNS($K:R)))),"")}
A8: =IF(N8="","",K8) | B8: =IF(N8="","",O8) | C8: =IF(N8="","",M8) | H8: =IF(N8="","",N8) | I8: =I7+1 -> 8 | K8: {=IFERROR(IF(ROWS($K$2:K8)<=MAX('Tags - Classics'!$I$50:$I$12000),INDEX('Tags - Classics'!$A$50:$H$12000,MATCH(ROWS($K$2:K8),'Tags - Classics'!$I$50:$I$12000,0),COLUMNS($K:K)),IF(ROWS($K$2:K8)<=MAX('Tags - Classics'!$I$50:$I$12000)+MAX('Tags - Non-Classics'!$I$50:$I$8000),INDEX('Tags - Non-Classics'!$A$50:$H$8000,MATCH(ROWS($K$2:K8)-MAX('Tags - Classics'!$I$50:$I$12000),'Tags - Non-Classics'!$I$50:$I$8000,0),COLUMNS($K:K)),INDEX('Misc & Retail'!$A$50:$H$800,MATCH(ROWS($K$2:K8)-MAX('Tags - Classics'!$I$50:$I$12000)-MAX('Tags - Non-Classics'!$I$50:$I$8000),'Misc & Retail'!$I$50:$I$800,0),COLUMNS($K:K)))),"")} | L8: {=IFERROR(IF(ROWS($K$2:L8)<=MAX('Tags - Classics'!$I$50:$I$12000),INDEX('Tags - Classics'!$A$50:$H$12000,MATCH(ROWS($K$2:L8),'Tags - Classics'!$I$50:$I$12000,0),COLUMNS($K:L)),IF(ROWS($K$2:L8)<=MAX('Tags - Classics'!$I$50:$I$12000)+MAX('Tags - Non-Classics'!$I$50:$I$8000),INDEX('Tags - Non-Classics'!$A$50:$H$8000,MATCH(ROWS($K$2:L8)-MAX('Tags - Classics'!$I$50:$I$12000),'Tags - Non-Classics'!$I$50:$I$8000,0),COLUMNS($K:L)),INDEX('Misc & Retail'!$A$50:$H$800,MATCH(ROWS($K$2:L8)-MAX('Tags - Classics'!$I$50:$I$12000)-MAX('Tags - Non-Classics'!$I$50:$I$8000),'Misc & Retail'!$I$50:$I$800,0),COLUMNS($K:L)))),"")} | M8: {=IFERROR(IF(ROWS($K$2:M8)<=MAX('Tags - Classics'!$I$50:$I$12000),INDEX('Tags - Classics'!$A$50:$H$12000,MATCH(ROWS($K$2:M8),'Tags - Classics'!$I$50:$I$12000,0),COLUMNS($K:M)),IF(ROWS($K$2:M8)<=MAX('Tags - Classics'!$I$50:$I$12000)+MAX('Tags - Non-Classics'!$I$50:$I$8000),INDEX('Tags - Non-Classics'!$A$50:$H$8000,MATCH(ROWS($K$2:M8)-MAX('Tags - Classics'!$I$50:$I$12000),'Tags - Non-Classics'!$I$50:$I$8000,0),COLUMNS($K:M)),INDEX('Misc & Retail'!$A$50:$H$800,MATCH(ROWS($K$2:M8)-MAX('Tags - Classics'!$I$50:$I$12000)-MAX('Tags - Non-Classics'!$I$50:$I$8000),'Misc & Retail'!$I$50:$I$800,0),COLUMNS($K:M)))),"")} | N8: {=IFERROR(IF(ROWS($K$2:N8)<=MAX('Tags - Classics'!$I$50:$I$12000),INDEX('Tags - Classics'!$A$50:$H$12000,MATCH(ROWS($K$2:N8),'Tags - Classics'!$I$50:$I$12000,0),COLUMNS($K:N)),IF(ROWS($K$2:N8)<=MAX('Tags - Classics'!$I$50:$I$12000)+MAX('Tags - Non-Classics'!$I$50:$I$8000),INDEX('Tags - Non-Classics'!$A$50:$H$8000,MATCH(ROWS($K$2:N8)-MAX('Tags - Classics'!$I$50:$I$12000),'Tags - Non-Classics'!$I$50:$I$8000,0),COLUMNS($K:N)),INDEX('Misc & Retail'!$A$50:$H$800,MATCH(ROWS($K$2:N8)-MAX('Tags - Classics'!$I$50:$I$12000)-MAX('Tags - Non-Classics'!$I$50:$I$8000),'Misc & Retail'!$I$50:$I$800,0),COLUMNS($K:N)))),"")} | O8: {=IFERROR(IF(ROWS($K$2:O8)<=MAX('Tags - Classics'!$I$50:$I$12000),INDEX('Tags - Classics'!$A$50:$H$12000,MATCH(ROWS($K$2:O8),'Tags - Classics'!$I$50:$I$12000,0),COLUMNS($K:O)),IF(ROWS($K$2:O8)<=MAX('Tags - Classics'!$I$50:$I$12000)+MAX('Tags - Non-Classics'!$I$50:$I$8000),INDEX('Tags - Non-Classics'!$A$50:$H$8000,MATCH(ROWS($K$2:O8)-MAX('Tags - Classics'!$I$50:$I$12000),'Tags - Non-Classics'!$I$50:$I$8000,0),COLUMNS($K:O)),INDEX('Misc & Retail'!$A$50:$H$800,MATCH(ROWS($K$2:O8)-MAX('Tags - Classics'!$I$50:$I$12000)-MAX('Tags - Non-Classics'!$I$50:$I$8000),'Misc & Retail'!$I$50:$I$800,0),COLUMNS($K:O)))),"")} | P8: {=IFERROR(IF(ROWS($K$2:P8)<=MAX('Tags - Classics'!$I$50:$I$12000),INDEX('Tags - Classics'!$A$50:$H$12000,MATCH(ROWS($K$2:P8),'Tags - Classics'!$I$50:$I$12000,0),COLUMNS($K:P)),IF(ROWS($K$2:P8)<=MAX('Tags - Classics'!$I$50:$I$12000)+MAX('Tags - Non-Classics'!$I$50:$I$8000),INDEX('Tags - Non-Classics'!$A$50:$H$8000,MATCH(ROWS($K$2:P8)-MAX('Tags - Classics'!$I$50:$I$12000),'Tags - Non-Classics'!$I$50:$I$8000,0),COLUMNS($K:P)),INDEX('Misc & Retail'!$A$50:$H$800,MATCH(ROWS($K$2:P8)-MAX('Tags - Classics'!$I$50:$I$12000)-MAX('Tags - Non-Classics'!$I$50:$I$8000),'Misc & Retail'!$I$50:$I$800,0),COLUMNS($K:P)))),"")} | Q8: {=IFERROR(IF(ROWS($K$2:Q8)<=MAX('Tags - Classics'!$I$50:$I$12000),INDEX('Tags - Classics'!$A$50:$H$12000,MATCH(ROWS($K$2:Q8),'Tags - Classics'!$I$50:$I$12000,0),COLUMNS($K:Q)),IF(ROWS($K$2:Q8)<=MAX('Tags - Classics'!$I$50:$I$12000)+MAX('Tags - Non-Classics'!$I$50:$I$8000),INDEX('Tags - Non-Classics'!$A$50:$H$8000,MATCH(ROWS($K$2:Q8)-MAX('Tags - Classics'!$I$50:$I$12000),'Tags - Non-Classics'!$I$50:$I$8000,0),COLUMNS($K:Q)),INDEX('Misc & Retail'!$A$50:$H$800,MATCH(ROWS($K$2:Q8)-MAX('Tags - Classics'!$I$50:$I$12000)-MAX('Tags - Non-Classics'!$I$50:$I$8000),'Misc & Retail'!$I$50:$I$800,0),COLUMNS($K:Q)))),"")} | R8: {=IFERROR(IF(ROWS($K$2:R8)<=MAX('Tags - Classics'!$I$50:$I$12000),INDEX('Tags - Classics'!$A$50:$H$12000,MATCH(ROWS($K$2:R8),'Tags - Classics'!$I$50:$I$12000,0),COLUMNS($K:R)),IF(ROWS($K$2:R8)<=MAX('Tags - Classics'!$I$50:$I$12000)+MAX('Tags - Non-Classics'!$I$50:$I$8000),INDEX('Tags - Non-Classics'!$A$50:$H$8000,MATCH(ROWS($K$2:R8)-MAX('Tags - Classics'!$I$50:$I$12000),'Tags - Non-Classics'!$I$50:$I$8000,0),COLUMNS($K:R)),INDEX('Misc & Retail'!$A$50:$H$800,MATCH(ROWS($K$2:R8)-MAX('Tags - Classics'!$I$50:$I$12000)-MAX('Tags - Non-Classics'!$I$50:$I$8000),'Misc & Retail'!$I$50:$I$800,0),COLUMNS($K:R)))),"")}
A9: =IF(N9="","",K9) | B9: =IF(N9="","",O9) | C9: =IF(N9="","",M9) | H9: =IF(N9="","",N9) | I9: =I8+1 -> 9 | K9: {=IFERROR(IF(ROWS($K$2:K9)<=MAX('Tags - Classics'!$I$50:$I$12000),INDEX('Tags - Classics'!$A$50:$H$12000,MATCH(ROWS($K$2:K9),'Tags - Classics'!$I$50:$I$12000,0),COLUMNS($K:K)),IF(ROWS($K$2:K9)<=MAX('Tags - Classics'!$I$50:$I$12000)+MAX('Tags - Non-Classics'!$I$50:$I$8000),INDEX('Tags - Non-Classics'!$A$50:$H$8000,MATCH(ROWS($K$2:K9)-MAX('Tags - Classics'!$I$50:$I$12000),'Tags - Non-Classics'!$I$50:$I$8000,0),COLUMNS($K:K)),INDEX('Misc & Retail'!$A$50:$H$800,MATCH(ROWS($K$2:K9)-MAX('Tags - Classics'!$I$50:$I$12000)-MAX('Tags - Non-Classics'!$I$50:$I$8000),'Misc & Retail'!$I$50:$I$800,0),COLUMNS($K:K)))),"")} | L9: {=IFERROR(IF(ROWS($K$2:L9)<=MAX('Tags - Classics'!$I$50:$I$12000),INDEX('Tags - Classics'!$A$50:$H$12000,MATCH(ROWS($K$2:L9),'Tags - Classics'!$I$50:$I$12000,0),COLUMNS($K:L)),IF(ROWS($K$2:L9)<=MAX('Tags - Classics'!$I$50:$I$12000)+MAX('Tags - Non-Classics'!$I$50:$I$8000),INDEX('Tags - Non-Classics'!$A$50:$H$8000,MATCH(ROWS($K$2:L9)-MAX('Tags - Classics'!$I$50:$I$12000),'Tags - Non-Classics'!$I$50:$I$8000,0),COLUMNS($K:L)),INDEX('Misc & Retail'!$A$50:$H$800,MATCH(ROWS($K$2:L9)-MAX('Tags - Classics'!$I$50:$I$12000)-MAX('Tags - Non-Classics'!$I$50:$I$8000),'Misc & Retail'!$I$50:$I$800,0),COLUMNS($K:L)))),"")} | M9: {=IFERROR(IF(ROWS($K$2:M9)<=MAX('Tags - Classics'!$I$50:$I$12000),INDEX('Tags - Classics'!$A$50:$H$12000,MATCH(ROWS($K$2:M9),'Tags - Classics'!$I$50:$I$12000,0),COLUMNS($K:M)),IF(ROWS($K$2:M9)<=MAX('Tags - Classics'!$I$50:$I$12000)+MAX('Tags - Non-Classics'!$I$50:$I$8000),INDEX('Tags - Non-Classics'!$A$50:$H$8000,MATCH(ROWS($K$2:M9)-MAX('Tags - Classics'!$I$50:$I$12000),'Tags - Non-Classics'!$I$50:$I$8000,0),COLUMNS($K:M)),INDEX('Misc & Retail'!$A$50:$H$800,MATCH(ROWS($K$2:M9)-MAX('Tags - Classics'!$I$50:$I$12000)-MAX('Tags - Non-Classics'!$I$50:$I$8000),'Misc & Retail'!$I$50:$I$800,0),COLUMNS($K:M)))),"")} | N9: {=IFERROR(IF(ROWS($K$2:N9)<=MAX('Tags - Classics'!$I$50:$I$12000),INDEX('Tags - Classics'!$A$50:$H$12000,MATCH(ROWS($K$2:N9),'Tags - Classics'!$I$50:$I$12000,0),COLUMNS($K:N)),IF(ROWS($K$2:N9)<=MAX('Tags - Classics'!$I$50:$I$12000)+MAX('Tags - Non-Classics'!$I$50:$I$8000),INDEX('Tags - Non-Classics'!$A$50:$H$8000,MATCH(ROWS($K$2:N9)-MAX('Tags - Classics'!$I$50:$I$12000),'Tags - Non-Classics'!$I$50:$I$8000,0),COLUMNS($K:N)),INDEX('Misc & Retail'!$A$50:$H$800,MATCH(ROWS($K$2:N9)-MAX('Tags - Classics'!$I$50:$I$12000)-MAX('Tags - Non-Classics'!$I$50:$I$8000),'Misc & Retail'!$I$50:$I$800,0),COLUMNS($K:N)))),"")} | O9: {=IFERROR(IF(ROWS($K$2:O9)<=MAX('Tags - Classics'!$I$50:$I$12000),INDEX('Tags - Classics'!$A$50:$H$12000,MATCH(ROWS($K$2:O9),'Tags - Classics'!$I$50:$I$12000,0),COLUMNS($K:O)),IF(ROWS($K$2:O9)<=MAX('Tags - Classics'!$I$50:$I$12000)+MAX('Tags - Non-Classics'!$I$50:$I$8000),INDEX('Tags - Non-Classics'!$A$50:$H$8000,MATCH(ROWS($K$2:O9)-MAX('Tags - Classics'!$I$50:$I$12000),'Tags - Non-Classics'!$I$50:$I$8000,0),COLUMNS($K:O)),INDEX('Misc & Retail'!$A$50:$H$800,MATCH(ROWS($K$2:O9)-MAX('Tags - Classics'!$I$50:$I$12000)-MAX('Tags - Non-Classics'!$I$50:$I$8000),'Misc & Retail'!$I$50:$I$800,0),COLUMNS($K:O)))),"")} | P9: {=IFERROR(IF(ROWS($K$2:P9)<=MAX('Tags - Classics'!$I$50:$I$12000),INDEX('Tags - Classics'!$A$50:$H$12000,MATCH(ROWS($K$2:P9),'Tags - Classics'!$I$50:$I$12000,0),COLUMNS($K:P)),IF(ROWS($K$2:P9)<=MAX('Tags - Classics'!$I$50:$I$12000)+MAX('Tags - Non-Classics'!$I$50:$I$8000),INDEX('Tags - Non-Classics'!$A$50:$H$8000,MATCH(ROWS($K$2:P9)-MAX('Tags - Classics'!$I$50:$I$12000),'Tags - Non-Classics'!$I$50:$I$8000,0),COLUMNS($K:P)),INDEX('Misc & Retail'!$A$50:$H$800,MATCH(ROWS($K$2:P9)-MAX('Tags - Classics'!$I$50:$I$12000)-MAX('Tags - Non-Classics'!$I$50:$I$8000),'Misc & Retail'!$I$50:$I$800,0),COLUMNS($K:P)))),"")} | Q9: {=IFERROR(IF(ROWS($K$2:Q9)<=MAX('Tags - Classics'!$I$50:$I$12000),INDEX('Tags - Classics'!$A$50:$H$12000,MATCH(ROWS($K$2:Q9),'Tags - Classics'!$I$50:$I$12000,0),COLUMNS($K:Q)),IF(ROWS($K$2:Q9)<=MAX('Tags - Classics'!$I$50:$I$12000)+MAX('Tags - Non-Classics'!$I$50:$I$8000),INDEX('Tags - Non-Classics'!$A$50:$H$8000,MATCH(ROWS($K$2:Q9)-MAX('Tags - Classics'!$I$50:$I$12000),'Tags - Non-Classics'!$I$50:$I$8000,0),COLUMNS($K:Q)),INDEX('Misc & Retail'!$A$50:$H$800,MATCH(ROWS($K$2:Q9)-MAX('Tags - Classics'!$I$50:$I$12000)-MAX('Tags - Non-Classics'!$I$50:$I$8000),'Misc & Retail'!$I$50:$I$800,0),COLUMNS($K:Q)))),"")} | R9: {=IFERROR(IF(ROWS($K$2:R9)<=MAX('Tags - Classics'!$I$50:$I$12000),INDEX('Tags - Classics'!$A$50:$H$12000,MATCH(ROWS($K$2:R9),'Tags - Classics'!$I$50:$I$12000,0),COLUMNS($K:R)),IF(ROWS($K$2:R9)<=MAX('Tags - Classics'!$I$50:$I$12000)+MAX('Tags - Non-Classics'!$I$50:$I$8000),INDEX('Tags - Non-Classics'!$A$50:$H$8000,MATCH(ROWS($K$2:R9)-MAX('Tags - Classics'!$I$50:$I$12000),'Tags - Non-Classics'!$I$50:$I$8000,0),COLUMNS($K:R)),INDEX('Misc & Retail'!$A$50:$H$800,MATCH(ROWS($K$2:R9)-MAX('Tags - Classics'!$I$50:$I$12000)-MAX('Tags - Non-Classics'!$I$50:$I$8000),'Misc & Retail'!$I$50:$I$800,0),COLUMNS($K:R)))),"")}
A10: =IF(N10="","",K10) | B10: =IF(N10="","",O10) | C10: =IF(N10="","",M10) | H10: =IF(N10="","",N10) | I10: =I9+1 -> 10 | K10: {=IFERROR(IF(ROWS($K$2:K10)<=MAX('Tags - Classics'!$I$50:$I$12000),INDEX('Tags - Classics'!$A$50:$H$12000,MATCH(ROWS($K$2:K10),'Tags - Classics'!$I$50:$I$12000,0),COLUMNS($K:K)),IF(ROWS($K$2:K10)<=MAX('Tags - Classics'!$I$50:$I$12000)+MAX('Tags - Non-Classics'!$I$50:$I$8000),INDEX('Tags - Non-Classics'!$A$50:$H$8000,MATCH(ROWS($K$2:K10)-MAX('Tags - Classics'!$I$50:$I$12000),'Tags - Non-Classics'!$I$50:$I$8000,0),COLUMNS($K:K)),INDEX('Misc & Retail'!$A$50:$H$800,MATCH(ROWS($K$2:K10)-MAX('Tags - Classics'!$I$50:$I$12000)-MAX('Tags - Non-Classics'!$I$50:$I$8000),'Misc & Retail'!$I$50:$I$800,0),COLUMNS($K:K)))),"")} | L10: {=IFERROR(IF(ROWS($K$2:L10)<=MAX('Tags - Classics'!$I$50:$I$12000),INDEX('Tags - Classics'!$A$50:$H$12000,MATCH(ROWS($K$2:L10),'Tags - Classics'!$I$50:$I$12000,0),COLUMNS($K:L)),IF(ROWS($K$2:L10)<=MAX('Tags - Classics'!$I$50:$I$12000)+MAX('Tags - Non-Classics'!$I$50:$I$8000),INDEX('Tags - Non-Classics'!$A$50:$H$8000,MATCH(ROWS($K$2:L10)-MAX('Tags - Classics'!$I$50:$I$12000),'Tags - Non-Classics'!$I$50:$I$8000,0),COLUMNS($K:L)),INDEX('Misc & Retail'!$A$50:$H$800,MATCH(ROWS($K$2:L10)-MAX('Tags - Classics'!$I$50:$I$12000)-MAX('Tags - Non-Classics'!$I$50:$I$8000),'Misc & Retail'!$I$50:$I$800,0),COLUMNS($K:L)))),"")} | M10: {=IFERROR(IF(ROWS($K$2:M10)<=MAX('Tags - Classics'!$I$50:$I$12000),INDEX('Tags - Classics'!$A$50:$H$12000,MATCH(ROWS($K$2:M10),'Tags - Classics'!$I$50:$I$12000,0),COLUMNS($K:M)),IF(ROWS($K$2:M10)<=MAX('Tags - Classics'!$I$50:$I$12000)+MAX('Tags - Non-Classics'!$I$50:$I$8000),INDEX('Tags - Non-Classics'!$A$50:$H$8000,MATCH(ROWS($K$2:M10)-MAX('Tags - Classics'!$I$50:$I$12000),'Tags - Non-Classics'!$I$50:$I$8000,0),COLUMNS($K:M)),INDEX('Misc & Retail'!$A$50:$H$800,MATCH(ROWS($K$2:M10)-MAX('Tags - Classics'!$I$50:$I$12000)-MAX('Tags - Non-Classics'!$I$50:$I$8000),'Misc & Retail'!$I$50:$I$800,0),COLUMNS($K:M)))),"")} | N10: {=IFERROR(IF(ROWS($K$2:N10)<=MAX('Tags - Classics'!$I$50:$I$12000),INDEX('Tags - Classics'!$A$50:$H$12000,MATCH(ROWS($K$2:N10),'Tags - Classics'!$I$50:$I$12000,0),COLUMNS($K:N)),IF(ROWS($K$2:N10)<=MAX('Tags - Classics'!$I$50:$I$12000)+MAX('Tags - Non-Classics'!$I$50:$I$8000),INDEX('Tags - Non-Classics'!$A$50:$H$8000,MATCH(ROWS($K$2:N10)-MAX('Tags - Classics'!$I$50:$I$12000),'Tags - Non-Classics'!$I$50:$I$8000,0),COLUMNS($K:N)),INDEX('Misc & Retail'!$A$50:$H$800,MATCH(ROWS($K$2:N10)-MAX('Tags - Classics'!$I$50:$I$12000)-MAX('Tags - Non-Classics'!$I$50:$I$8000),'Misc & Retail'!$I$50:$I$800,0),COLUMNS($K:N)))),"")} | O10: {=IFERROR(IF(ROWS($K$2:O10)<=MAX('Tags - Classics'!$I$50:$I$12000),INDEX('Tags - Classics'!$A$50:$H$12000,MATCH(ROWS($K$2:O10),'Tags - Classics'!$I$50:$I$12000,0),COLUMNS($K:O)),IF(ROWS($K$2:O10)<=MAX('Tags - Classics'!$I$50:$I$12000)+MAX('Tags - Non-Classics'!$I$50:$I$8000),INDEX('Tags - Non-Classics'!$A$50:$H$8000,MATCH(ROWS($K$2:O10)-MAX('Tags - Classics'!$I$50:$I$12000),'Tags - Non-Classics'!$I$50:$I$8000,0),COLUMNS($K:O)),INDEX('Misc & Retail'!$A$50:$H$800,MATCH(ROWS($K$2:O10)-MAX('Tags - Classics'!$I$50:$I$12000)-MAX('Tags - Non-Classics'!$I$50:$I$8000),'Misc & Retail'!$I$50:$I$800,0),COLUMNS($K:O)))),"")} | P10: {=IFERROR(IF(ROWS($K$2:P10)<=MAX('Tags - Classics'!$I$50:$I$12000),INDEX('Tags - Classics'!$A$50:$H$12000,MATCH(ROWS($K$2:P10),'Tags - Classics'!$I$50:$I$12000,0),COLUMNS($K:P)),IF(ROWS($K$2:P10)<=MAX('Tags - Classics'!$I$50:$I$12000)+MAX('Tags - Non-Classics'!$I$50:$I$8000),INDEX('Tags - Non-Classics'!$A$50:$H$8000,MATCH(ROWS($K$2:P10)-MAX('Tags - Classics'!$I$50:$I$12000),'Tags - Non-Classics'!$I$50:$I$8000,0),COLUMNS($K:P)),INDEX('Misc & Retail'!$A$50:$H$800,MATCH(ROWS($K$2:P10)-MAX('Tags - Classics'!$I$50:$I$12000)-MAX('Tags - Non-Classics'!$I$50:$I$8000),'Misc & Retail'!$I$50:$I$800,0),COLUMNS($K:P)))),"")} | Q10: {=IFERROR(IF(ROWS($K$2:Q10)<=MAX('Tags - Classics'!$I$50:$I$12000),INDEX('Tags - Classics'!$A$50:$H$12000,MATCH(ROWS($K$2:Q10),'Tags - Classics'!$I$50:$I$12000,0),COLUMNS($K:Q)),IF(ROWS($K$2:Q10)<=MAX('Tags - Classics'!$I$50:$I$12000)+MAX('Tags - Non-Classics'!$I$50:$I$8000),INDEX('Tags - Non-Classics'!$A$50:$H$8000,MATCH(ROWS($K$2:Q10)-MAX('Tags - Classics'!$I$50:$I$12000),'Tags - Non-Classics'!$I$50:$I$8000,0),COLUMNS($K:Q)),INDEX('Misc & Retail'!$A$50:$H$800,MATCH(ROWS($K$2:Q10)-MAX('Tags - Classics'!$I$50:$I$12000)-MAX('Tags - Non-Classics'!$I$50:$I$8000),'Misc & Retail'!$I$50:$I$800,0),COLUMNS($K:Q)))),"")} | R10: {=IFERROR(IF(ROWS($K$2:R10)<=MAX('Tags - Classics'!$I$50:$I$12000),INDEX('Tags - Classics'!$A$50:$H$12000,MATCH(ROWS($K$2:R10),'Tags - Classics'!$I$50:$I$12000,0),COLUMNS($K:R)),IF(ROWS($K$2:R10)<=MAX('Tags - Classics'!$I$50:$I$12000)+MAX('Tags - Non-Classics'!$I$50:$I$8000),INDEX('Tags - Non-Classics'!$A$50:$H$8000,MATCH(ROWS($K$2:R10)-MAX('Tags - Classics'!$I$50:$I$12000),'Tags - Non-Classics'!$I$50:$I$8000,0),COLUMNS($K:R)),INDEX('Misc & Retail'!$A$50:$H$800,MATCH(ROWS($K$2:R10)-MAX('Tags - Classics'!$I$50:$I$12000)-MAX('Tags - Non-Classics'!$I$50:$I$8000),'Misc & Retail'!$I$50:$I$800,0),COLUMNS($K:R)))),"")}
A11: =IF(N11="","",K11) | B11: =IF(N11="","",O11) | C11: =IF(N11="","",M11) | H11: =IF(N11="","",N11) | I11: =I10+1 -> 11 | K11: {=IFERROR(IF(ROWS($K$2:K11)<=MAX('Tags - Classics'!$I$50:$I$12000),INDEX('Tags - Classics'!$A$50:$H$12000,MATCH(ROWS($K$2:K11),'Tags - Classics'!$I$50:$I$12000,0),COLUMNS($K:K)),IF(ROWS($K$2:K11)<=MAX('Tags - Classics'!$I$50:$I$12000)+MAX('Tags - Non-Classics'!$I$50:$I$8000),INDEX('Tags - Non-Classics'!$A$50:$H$8000,MATCH(ROWS($K$2:K11)-MAX('Tags - Classics'!$I$50:$I$12000),'Tags - Non-Classics'!$I$50:$I$8000,0),COLUMNS($K:K)),INDEX('Misc & Retail'!$A$50:$H$800,MATCH(ROWS($K$2:K11)-MAX('Tags - Classics'!$I$50:$I$12000)-MAX('Tags - Non-Classics'!$I$50:$I$8000),'Misc & Retail'!$I$50:$I$800,0),COLUMNS($K:K)))),"")} | L11: {=IFERROR(IF(ROWS($K$2:L11)<=MAX('Tags - Classics'!$I$50:$I$12000),INDEX('Tags - Classics'!$A$50:$H$12000,MATCH(ROWS($K$2:L11),'Tags - Classics'!$I$50:$I$12000,0),COLUMNS($K:L)),IF(ROWS($K$2:L11)<=MAX('Tags - Classics'!$I$50:$I$12000)+MAX('Tags - Non-Classics'!$I$50:$I$8000),INDEX('Tags - Non-Classics'!$A$50:$H$8000,MATCH(ROWS($K$2:L11)-MAX('Tags - Classics'!$I$50:$I$12000),'Tags - Non-Classics'!$I$50:$I$8000,0),COLUMNS($K:L)),INDEX('Misc & Retail'!$A$50:$H$800,MATCH(ROWS($K$2:L11)-MAX('Tags - Classics'!$I$50:$I$12000)-MAX('Tags - Non-Classics'!$I$50:$I$8000),'Misc & Retail'!$I$50:$I$800,0),COLUMNS($K:L)))),"")} | M11: {=IFERROR(IF(ROWS($K$2:M11)<=MAX('Tags - Classics'!$I$50:$I$12000),INDEX('Tags - Classics'!$A$50:$H$12000,MATCH(ROWS($K$2:M11),'Tags - Classics'!$I$50:$I$12000,0),COLUMNS($K:M)),IF(ROWS($K$2:M11)<=MAX('Tags - Classics'!$I$50:$I$12000)+MAX('Tags - Non-Classics'!$I$50:$I$8000),INDEX('Tags - Non-Classics'!$A$50:$H$8000,MATCH(ROWS($K$2:M11)-MAX('Tags - Classics'!$I$50:$I$12000),'Tags - Non-Classics'!$I$50:$I$8000,0),COLUMNS($K:M)),INDEX('Misc & Retail'!$A$50:$H$800,MATCH(ROWS($K$2:M11)-MAX('Tags - Classics'!$I$50:$I$12000)-MAX('Tags - Non-Classics'!$I$50:$I$8000),'Misc & Retail'!$I$50:$I$800,0),COLUMNS($K:M)))),"")} | N11: {=IFERROR(IF(ROWS($K$2:N11)<=MAX('Tags - Classics'!$I$50:$I$12000),INDEX('Tags - Classics'!$A$50:$H$12000,MATCH(ROWS($K$2:N11),'Tags - Classics'!$I$50:$I$12000,0),COLUMNS($K:N)),IF(ROWS($K$2:N11)<=MAX('Tags - Classics'!$I$50:$I$12000)+MAX('Tags - Non-Classics'!$I$50:$I$8000),INDEX('Tags - Non-Classics'!$A$50:$H$8000,MATCH(ROWS($K$2:N11)-MAX('Tags - Classics'!$I$50:$I$12000),'Tags - Non-Classics'!$I$50:$I$8000,0),COLUMNS($K:N)),INDEX('Misc & Retail'!$A$50:$H$800,MATCH(ROWS($K$2:N11)-MAX('Tags - Classics'!$I$50:$I$12000)-MAX('Tags - Non-Classics'!$I$50:$I$8000),'Misc & Retail'!$I$50:$I$800,0),COLUMNS($K:N)))),"")} | O11: {=IFERROR(IF(ROWS($K$2:O11)<=MAX('Tags - Classics'!$I$50:$I$12000),INDEX('Tags - Classics'!$A$50:$H$12000,MATCH(ROWS($K$2:O11),'Tags - Classics'!$I$50:$I$12000,0),COLUMNS($K:O)),IF(ROWS($K$2:O11)<=MAX('Tags - Classics'!$I$50:$I$12000)+MAX('Tags - Non-Classics'!$I$50:$I$8000),INDEX('Tags - Non-Classics'!$A$50:$H$8000,MATCH(ROWS($K$2:O11)-MAX('Tags - Classics'!$I$50:$I$12000),'Tags - Non-Classics'!$I$50:$I$8000,0),COLUMNS($K:O)),INDEX('Misc & Retail'!$A$50:$H$800,MATCH(ROWS($K$2:O11)-MAX('Tags - Classics'!$I$50:$I$12000)-MAX('Tags - Non-Classics'!$I$50:$I$8000),'Misc & Retail'!$I$50:$I$800,0),COLUMNS($K:O)))),"")} | P11: {=IFERROR(IF(ROWS($K$2:P11)<=MAX('Tags - Classics'!$I$50:$I$12000),INDEX('Tags - Classics'!$A$50:$H$12000,MATCH(ROWS($K$2:P11),'Tags - Classics'!$I$50:$I$12000,0),COLUMNS($K:P)),IF(ROWS($K$2:P11)<=MAX('Tags - Classics'!$I$50:$I$12000)+MAX('Tags - Non-Classics'!$I$50:$I$8000),INDEX('Tags - Non-Classics'!$A$50:$H$8000,MATCH(ROWS($K$2:P11)-MAX('Tags - Classics'!$I$50:$I$12000),'Tags - Non-Classics'!$I$50:$I$8000,0),COLUMNS($K:P)),INDEX('Misc & Retail'!$A$50:$H$800,MATCH(ROWS($K$2:P11)-MAX('Tags - Classics'!$I$50:$I$12000)-MAX('Tags - Non-Classics'!$I$50:$I$8000),'Misc & Retail'!$I$50:$I$800,0),COLUMNS($K:P)))),"")} | Q11: {=IFERROR(IF(ROWS($K$2:Q11)<=MAX('Tags - Classics'!$I$50:$I$12000),INDEX('Tags - Classics'!$A$50:$H$12000,MATCH(ROWS($K$2:Q11),'Tags - Classics'!$I$50:$I$12000,0),COLUMNS($K:Q)),IF(ROWS($K$2:Q11)<=MAX('Tags - Classics'!$I$50:$I$12000)+MAX('Tags - Non-Classics'!$I$50:$I$8000),INDEX('Tags - Non-Classics'!$A$50:$H$8000,MATCH(ROWS($K$2:Q11)-MAX('Tags - Classics'!$I$50:$I$12000),'Tags - Non-Classics'!$I$50:$I$8000,0),COLUMNS($K:Q)),INDEX('Misc & Retail'!$A$50:$H$800,MATCH(ROWS($K$2:Q11)-MAX('Tags - Classics'!$I$50:$I$12000)-MAX('Tags - Non-Classics'!$I$50:$I$8000),'Misc & Retail'!$I$50:$I$800,0),COLUMNS($K:Q)))),"")} | R11: {=IFERROR(IF(ROWS($K$2:R11)<=MAX('Tags - Classics'!$I$50:$I$12000),INDEX('Tags - Classics'!$A$50:$H$12000,MATCH(ROWS($K$2:R11),'Tags - Classics'!$I$50:$I$12000,0),COLUMNS($K:R)),IF(ROWS($K$2:R11)<=MAX('Tags - Classics'!$I$50:$I$12000)+MAX('Tags - Non-Classics'!$I$50:$I$8000),INDEX('Tags - Non-Classics'!$A$50:$H$8000,MATCH(ROWS($K$2:R11)-MAX('Tags - Classics'!$I$50:$I$12000),'Tags - Non-Classics'!$I$50:$I$8000,0),COLUMNS($K:R)),INDEX('Misc & Retail'!$A$50:$H$800,MATCH(ROWS($K$2:R11)-MAX('Tags - Classics'!$I$50:$I$12000)-MAX('Tags - Non-Classics'!$I$50:$I$8000),'Misc & Retail'!$I$50:$I$800,0),COLUMNS($K:R)))),"")}
A12: =IF(N12="","",K12) | B12: =IF(N12="","",O12) | C12: =IF(N12="","",M12) | H12: =IF(N12="","",N12) | I12: =I11+1 -> 12 | K12: {=IFERROR(IF(ROWS($K$2:K12)<=MAX('Tags - Classics'!$I$50:$I$12000),INDEX('Tags - Classics'!$A$50:$H$12000,MATCH(ROWS($K$2:K12),'Tags - Classics'!$I$50:$I$12000,0),COLUMNS($K:K)),IF(ROWS($K$2:K12)<=MAX('Tags - Classics'!$I$50:$I$12000)+MAX('Tags - Non-Classics'!$I$50:$I$8000),INDEX('Tags - Non-Classics'!$A$50:$H$8000,MATCH(ROWS($K$2:K12)-MAX('Tags - Classics'!$I$50:$I$12000),'Tags - Non-Classics'!$I$50:$I$8000,0),COLUMNS($K:K)),INDEX('Misc & Retail'!$A$50:$H$800,MATCH(ROWS($K$2:K12)-MAX('Tags - Classics'!$I$50:$I$12000)-MAX('Tags - Non-Classics'!$I$50:$I$8000),'Misc & Retail'!$I$50:$I$800,0),COLUMNS($K:K)))),"")} | L12: {=IFERROR(IF(ROWS($K$2:L12)<=MAX('Tags - Classics'!$I$50:$I$12000),INDEX('Tags - Classics'!$A$50:$H$12000,MATCH(ROWS($K$2:L12),'Tags - Classics'!$I$50:$I$12000,0),COLUMNS($K:L)),IF(ROWS($K$2:L12)<=MAX('Tags - Classics'!$I$50:$I$12000)+MAX('Tags - Non-Classics'!$I$50:$I$8000),INDEX('Tags - Non-Classics'!$A$50:$H$8000,MATCH(ROWS($K$2:L12)-MAX('Tags - Classics'!$I$50:$I$12000),'Tags - Non-Classics'!$I$50:$I$8000,0),COLUMNS($K:L)),INDEX('Misc & Retail'!$A$50:$H$800,MATCH(ROWS($K$2:L12)-MAX('Tags - Classics'!$I$50:$I$12000)-MAX('Tags - Non-Classics'!$I$50:$I$8000),'Misc & Retail'!$I$50:$I$800,0),COLUMNS($K:L)))),"")} | M12: {=IFERROR(IF(ROWS($K$2:M12)<=MAX('Tags - Classics'!$I$50:$I$12000),INDEX('Tags - Classics'!$A$50:$H$12000,MATCH(ROWS($K$2:M12),'Tags - Classics'!$I$50:$I$12000,0),COLUMNS($K:M)),IF(ROWS($K$2:M12)<=MAX('Tags - Classics'!$I$50:$I$12000)+MAX('Tags - Non-Classics'!$I$50:$I$8000),INDEX('Tags - Non-Classics'!$A$50:$H$8000,MATCH(ROWS($K$2:M12)-MAX('Tags - Classics'!$I$50:$I$12000),'Tags - Non-Classics'!$I$50:$I$8000,0),COLUMNS($K:M)),INDEX('Misc & Retail'!$A$50:$H$800,MATCH(ROWS($K$2:M12)-MAX('Tags - Classics'!$I$50:$I$12000)-MAX('Tags - Non-Classics'!$I$50:$I$8000),'Misc & Retail'!$I$50:$I$800,0),COLUMNS($K:M)))),"")} | N12: {=IFERROR(IF(ROWS($K$2:N12)<=MAX('Tags - Classics'!$I$50:$I$12000),INDEX('Tags - Classics'!$A$50:$H$12000,MATCH(ROWS($K$2:N12),'Tags - Classics'!$I$50:$I$12000,0),COLUMNS($K:N)),IF(ROWS($K$2:N12)<=MAX('Tags - Classics'!$I$50:$I$12000)+MAX('Tags - Non-Classics'!$I$50:$I$8000),INDEX('Tags - Non-Classics'!$A$50:$H$8000,MATCH(ROWS($K$2:N12)-MAX('Tags - Classics'!$I$50:$I$12000),'Tags - Non-Classics'!$I$50:$I$8000,0),COLUMNS($K:N)),INDEX('Misc & Retail'!$A$50:$H$800,MATCH(ROWS($K$2:N12)-MAX('Tags - Classics'!$I$50:$I$12000)-MAX('Tags - Non-Classics'!$I$50:$I$8000),'Misc & Retail'!$I$50:$I$800,0),COLUMNS($K:N)))),"")} | O12: {=IFERROR(IF(ROWS($K$2:O12)<=MAX('Tags - Classics'!$I$50:$I$12000),INDEX('Tags - Classics'!$A$50:$H$12000,MATCH(ROWS($K$2:O12),'Tags - Classics'!$I$50:$I$12000,0),COLUMNS($K:O)),IF(ROWS($K$2:O12)<=MAX('Tags - Classics'!$I$50:$I$12000)+MAX('Tags - Non-Classics'!$I$50:$I$8000),INDEX('Tags - Non-Classics'!$A$50:$H$8000,MATCH(ROWS($K$2:O12)-MAX('Tags - Classics'!$I$50:$I$12000),'Tags - Non-Classics'!$I$50:$I$8000,0),COLUMNS($K:O)),INDEX('Misc & Retail'!$A$50:$H$800,MATCH(ROWS($K$2:O12)-MAX('Tags - Classics'!$I$50:$I$12000)-MAX('Tags - Non-Classics'!$I$50:$I$8000),'Misc & Retail'!$I$50:$I$800,0),COLUMNS($K:O)))),"")} | P12: {=IFERROR(IF(ROWS($K$2:P12)<=MAX('Tags - Classics'!$I$50:$I$12000),INDEX('Tags - Classics'!$A$50:$H$12000,MATCH(ROWS($K$2:P12),'Tags - Classics'!$I$50:$I$12000,0),COLUMNS($K:P)),IF(ROWS($K$2:P12)<=MAX('Tags - Classics'!$I$50:$I$12000)+MAX('Tags - Non-Classics'!$I$50:$I$8000),INDEX('Tags - Non-Classics'!$A$50:$H$8000,MATCH(ROWS($K$2:P12)-MAX('Tags - Classics'!$I$50:$I$12000),'Tags - Non-Classics'!$I$50:$I$8000,0),COLUMNS($K:P)),INDEX('Misc & Retail'!$A$50:$H$800,MATCH(ROWS($K$2:P12)-MAX('Tags - Classics'!$I$50:$I$12000)-MAX('Tags - Non-Classics'!$I$50:$I$8000),'Misc & Retail'!$I$50:$I$800,0),COLUMNS($K:P)))),"")} | Q12: {=IFERROR(IF(ROWS($K$2:Q12)<=MAX('Tags - Classics'!$I$50:$I$12000),INDEX('Tags - Classics'!$A$50:$H$12000,MATCH(ROWS($K$2:Q12),'Tags - Classics'!$I$50:$I$12000,0),COLUMNS($K:Q)),IF(ROWS($K$2:Q12)<=MAX('Tags - Classics'!$I$50:$I$12000)+MAX('Tags - Non-Classics'!$I$50:$I$8000),INDEX('Tags - Non-Classics'!$A$50:$H$8000,MATCH(ROWS($K$2:Q12)-MAX('Tags - Classics'!$I$50:$I$12000),'Tags - Non-Classics'!$I$50:$I$8000,0),COLUMNS($K:Q)),INDEX('Misc & Retail'!$A$50:$H$800,MATCH(ROWS($K$2:Q12)-MAX('Tags - Classics'!$I$50:$I$12000)-MAX('Tags - Non-Classics'!$I$50:$I$8000),'Misc & Retail'!$I$50:$I$800,0),COLUMNS($K:Q)))),"")} | R12: {=IFERROR(IF(ROWS($K$2:R12)<=MAX('Tags - Classics'!$I$50:$I$12000),INDEX('Tags - Classics'!$A$50:$H$12000,MATCH(ROWS($K$2:R12),'Tags - Classics'!$I$50:$I$12000,0),COLUMNS($K:R)),IF(ROWS($K$2:R12)<=MAX('Tags - Classics'!$I$50:$I$12000)+MAX('Tags - Non-Classics'!$I$50:$I$8000),INDEX('Tags - Non-Classics'!$A$50:$H$8000,MATCH(ROWS($K$2:R12)-MAX('Tags - Classics'!$I$50:$I$12000),'Tags - Non-Classics'!$I$50:$I$8000,0),COLUMNS($K:R)),INDEX('Misc & Retail'!$A$50:$H$800,MATCH(ROWS($K$2:R12)-MAX('Tags - Classics'!$I$50:$I$12000)-MAX('Tags - Non-Classics'!$I$50:$I$8000),'Misc & Retail'!$I$50:$I$800,0),COLUMNS($K:R)))),"")}
A13: =IF(N13="","",K13) | B13: =IF(N13="","",O13) | C13: =IF(N13="","",M13) | H13: =IF(N13="","",N13) | I13: =I12+1 -> 13 | K13: {=IFERROR(IF(ROWS($K$2:K13)<=MAX('Tags - Classics'!$I$50:$I$12000),INDEX('Tags - Classics'!$A$50:$H$12000,MATCH(ROWS($K$2:K13),'Tags - Classics'!$I$50:$I$12000,0),COLUMNS($K:K)),IF(ROWS($K$2:K13)<=MAX('Tags - Classics'!$I$50:$I$12000)+MAX('Tags - Non-Classics'!$I$50:$I$8000),INDEX('Tags - Non-Classics'!$A$50:$H$8000,MATCH(ROWS($K$2:K13)-MAX('Tags - Classics'!$I$50:$I$12000),'Tags - Non-Classics'!$I$50:$I$8000,0),COLUMNS($K:K)),INDEX('Misc & Retail'!$A$50:$H$800,MATCH(ROWS($K$2:K13)-MAX('Tags - Classics'!$I$50:$I$12000)-MAX('Tags - Non-Classics'!$I$50:$I$8000),'Misc & Retail'!$I$50:$I$800,0),COLUMNS($K:K)))),"")} | L13: {=IFERROR(IF(ROWS($K$2:L13)<=MAX('Tags - Classics'!$I$50:$I$12000),INDEX('Tags - Classics'!$A$50:$H$12000,MATCH(ROWS($K$2:L13),'Tags - Classics'!$I$50:$I$12000,0),COLUMNS($K:L)),IF(ROWS($K$2:L13)<=MAX('Tags - Classics'!$I$50:$I$12000)+MAX('Tags - Non-Classics'!$I$50:$I$8000),INDEX('Tags - Non-Classics'!$A$50:$H$8000,MATCH(ROWS($K$2:L13)-MAX('Tags - Classics'!$I$50:$I$12000),'Tags - Non-Classics'!$I$50:$I$8000,0),COLUMNS($K:L)),INDEX('Misc & Retail'!$A$50:$H$800,MATCH(ROWS($K$2:L13)-MAX('Tags - Classics'!$I$50:$I$12000)-MAX('Tags - Non-Classics'!$I$50:$I$8000),'Misc & Retail'!$I$50:$I$800,0),COLUMNS($K:L)))),"")} | M13: {=IFERROR(IF(ROWS($K$2:M13)<=MAX('Tags - Classics'!$I$50:$I$12000),INDEX('Tags - Classics'!$A$50:$H$12000,MATCH(ROWS($K$2:M13),'Tags - Classics'!$I$50:$I$12000,0),COLUMNS($K:M)),IF(ROWS($K$2:M13)<=MAX('Tags - Classics'!$I$50:$I$12000)+MAX('Tags - Non-Classics'!$I$50:$I$8000),INDEX('Tags - Non-Classics'!$A$50:$H$8000,MATCH(ROWS($K$2:M13)-MAX('Tags - Classics'!$I$50:$I$12000),'Tags - Non-Classics'!$I$50:$I$8000,0),COLUMNS($K:M)),INDEX('Misc & Retail'!$A$50:$H$800,MATCH(ROWS($K$2:M13)-MAX('Tags - Classics'!$I$50:$I$12000)-MAX('Tags - Non-Classics'!$I$50:$I$8000),'Misc & Retail'!$I$50:$I$800,0),COLUMNS($K:M)))),"")} | N13: {=IFERROR(IF(ROWS($K$2:N13)<=MAX('Tags - Classics'!$I$50:$I$12000),INDEX('Tags - Classics'!$A$50:$H$12000,MATCH(ROWS($K$2:N13),'Tags - Classics'!$I$50:$I$12000,0),COLUMNS($K:N)),IF(ROWS($K$2:N13)<=MAX('Tags - Classics'!$I$50:$I$12000)+MAX('Tags - Non-Classics'!$I$50:$I$8000),INDEX('Tags - Non-Classics'!$A$50:$H$8000,MATCH(ROWS($K$2:N13)-MAX('Tags - Classics'!$I$50:$I$12000),'Tags - Non-Classics'!$I$50:$I$8000,0),COLUMNS($K:N)),INDEX('Misc & Retail'!$A$50:$H$800,MATCH(ROWS($K$2:N13)-MAX('Tags - Classics'!$I$50:$I$12000)-MAX('Tags - Non-Classics'!$I$50:$I$8000),'Misc & Retail'!$I$50:$I$800,0),COLUMNS($K:N)))),"")} | O13: {=IFERROR(IF(ROWS($K$2:O13)<=MAX('Tags - Classics'!$I$50:$I$12000),INDEX('Tags - Classics'!$A$50:$H$12000,MATCH(ROWS($K$2:O13),'Tags - Classics'!$I$50:$I$12000,0),COLUMNS($K:O)),IF(ROWS($K$2:O13)<=MAX('Tags - Classics'!$I$50:$I$12000)+MAX('Tags - Non-Classics'!$I$50:$I$8000),INDEX('Tags - Non-Classics'!$A$50:$H$8000,MATCH(ROWS($K$2:O13)-MAX('Tags - Classics'!$I$50:$I$12000),'Tags - Non-Classics'!$I$50:$I$8000,0),COLUMNS($K:O)),INDEX('Misc & Retail'!$A$50:$H$800,MATCH(ROWS($K$2:O13)-MAX('Tags - Classics'!$I$50:$I$12000)-MAX('Tags - Non-Classics'!$I$50:$I$8000),'Misc & Retail'!$I$50:$I$800,0),COLUMNS($K:O)))),"")} | P13: {=IFERROR(IF(ROWS($K$2:P13)<=MAX('Tags - Classics'!$I$50:$I$12000),INDEX('Tags - Classics'!$A$50:$H$12000,MATCH(ROWS($K$2:P13),'Tags - Classics'!$I$50:$I$12000,0),COLUMNS($K:P)),IF(ROWS($K$2:P13)<=MAX('Tags - Classics'!$I$50:$I$12000)+MAX('Tags - Non-Classics'!$I$50:$I$8000),INDEX('Tags - Non-Classics'!$A$50:$H$8000,MATCH(ROWS($K$2:P13)-MAX('Tags - Classics'!$I$50:$I$12000),'Tags - Non-Classics'!$I$50:$I$8000,0),COLUMNS($K:P)),INDEX('Misc & Retail'!$A$50:$H$800,MATCH(ROWS($K$2:P13)-MAX('Tags - Classics'!$I$50:$I$12000)-MAX('Tags - Non-Classics'!$I$50:$I$8000),'Misc & Retail'!$I$50:$I$800,0),COLUMNS($K:P)))),"")} | Q13: {=IFERROR(IF(ROWS($K$2:Q13)<=MAX('Tags - Classics'!$I$50:$I$12000),INDEX('Tags - Classics'!$A$50:$H$12000,MATCH(ROWS($K$2:Q13),'Tags - Classics'!$I$50:$I$12000,0),COLUMNS($K:Q)),IF(ROWS($K$2:Q13)<=MAX('Tags - Classics'!$I$50:$I$12000)+MAX('Tags - Non-Classics'!$I$50:$I$8000),INDEX('Tags - Non-Classics'!$A$50:$H$8000,MATCH(ROWS($K$2:Q13)-MAX('Tags - Classics'!$I$50:$I$12000),'Tags - Non-Classics'!$I$50:$I$8000,0),COLUMNS($K:Q)),INDEX('Misc & Retail'!$A$50:$H$800,MATCH(ROWS($K$2:Q13)-MAX('Tags - Classics'!$I$50:$I$12000)-MAX('Tags - Non-Classics'!$I$50:$I$8000),'Misc & Retail'!$I$50:$I$800,0),COLUMNS($K:Q)))),"")} | R13: {=IFERROR(IF(ROWS($K$2:R13)<=MAX('Tags - Classics'!$I$50:$I$12000),INDEX('Tags - Classics'!$A$50:$H$12000,MATCH(ROWS($K$2:R13),'Tags - Classics'!$I$50:$I$12000,0),COLUMNS($K:R)),IF(ROWS($K$2:R13)<=MAX('Tags - Classics'!$I$50:$I$12000)+MAX('Tags - Non-Classics'!$I$50:$I$8000),INDEX('Tags - Non-Classics'!$A$50:$H$8000,MATCH(ROWS($K$2:R13)-MAX('Tags - Classics'!$I$50:$I$12000),'Tags - Non-Classics'!$I$50:$I$8000,0),COLUMNS($K:R)),INDEX('Misc & Retail'!$A$50:$H$800,MATCH(ROWS($K$2:R13)-MAX('Tags - Classics'!$I$50:$I$12000)-MAX('Tags - Non-Classics'!$I$50:$I$8000),'Misc & Retail'!$I$50:$I$800,0),COLUMNS($K:R)))),"")}
A14: =IF(N14="","",K14) | B14: =IF(N14="","",O14) | C14: =IF(N14="","",M14) | H14: =IF(N14="","",N14) | I14: =I13+1 -> 14 | K14: {=IFERROR(IF(ROWS($K$2:K14)<=MAX('Tags - Classics'!$I$50:$I$12000),INDEX('Tags - Classics'!$A$50:$H$12000,MATCH(ROWS($K$2:K14),'Tags - Classics'!$I$50:$I$12000,0),COLUMNS($K:K)),IF(ROWS($K$2:K14)<=MAX('Tags - Classics'!$I$50:$I$12000)+MAX('Tags - Non-Classics'!$I$50:$I$8000),INDEX('Tags - Non-Classics'!$A$50:$H$8000,MATCH(ROWS($K$2:K14)-MAX('Tags - Classics'!$I$50:$I$12000),'Tags - Non-Classics'!$I$50:$I$8000,0),COLUMNS($K:K)),INDEX('Misc & Retail'!$A$50:$H$800,MATCH(ROWS($K$2:K14)-MAX('Tags - Classics'!$I$50:$I$12000)-MAX('Tags - Non-Classics'!$I$50:$I$8000),'Misc & Retail'!$I$50:$I$800,0),COLUMNS($K:K)))),"")} | L14: {=IFERROR(IF(ROWS($K$2:L14)<=MAX('Tags - Classics'!$I$50:$I$12000),INDEX('Tags - Classics'!$A$50:$H$12000,MATCH(ROWS($K$2:L14),'Tags - Classics'!$I$50:$I$12000,0),COLUMNS($K:L)),IF(ROWS($K$2:L14)<=MAX('Tags - Classics'!$I$50:$I$12000)+MAX('Tags - Non-Classics'!$I$50:$I$8000),INDEX('Tags - Non-Classics'!$A$50:$H$8000,MATCH(ROWS($K$2:L14)-MAX('Tags - Classics'!$I$50:$I$12000),'Tags - Non-Classics'!$I$50:$I$8000,0),COLUMNS($K:L)),INDEX('Misc & Retail'!$A$50:$H$800,MATCH(ROWS($K$2:L14)-MAX('Tags - Classics'!$I$50:$I$12000)-MAX('Tags - Non-Classics'!$I$50:$I$8000),'Misc & Retail'!$I$50:$I$800,0),COLUMNS($K:L)))),"")} | M14: {=IFERROR(IF(ROWS($K$2:M14)<=MAX('Tags - Classics'!$I$50:$I$12000),INDEX('Tags - Classics'!$A$50:$H$12000,MATCH(ROWS($K$2:M14),'Tags - Classics'!$I$50:$I$12000,0),COLUMNS($K:M)),IF(ROWS($K$2:M14)<=MAX('Tags - Classics'!$I$50:$I$12000)+MAX('Tags - Non-Classics'!$I$50:$I$8000),INDEX('Tags - Non-Classics'!$A$50:$H$8000,MATCH(ROWS($K$2:M14)-MAX('Tags - Classics'!$I$50:$I$12000),'Tags - Non-Classics'!$I$50:$I$8000,0),COLUMNS($K:M)),INDEX('Misc & Retail'!$A$50:$H$800,MATCH(ROWS($K$2:M14)-MAX('Tags - Classics'!$I$50:$I$12000)-MAX('Tags - Non-Classics'!$I$50:$I$8000),'Misc & Retail'!$I$50:$I$800,0),COLUMNS($K:M)))),"")} | N14: {=IFERROR(IF(ROWS($K$2:N14)<=MAX('Tags - Classics'!$I$50:$I$12000),INDEX('Tags - Classics'!$A$50:$H$12000,MATCH(ROWS($K$2:N14),'Tags - Classics'!$I$50:$I$12000,0),COLUMNS($K:N)),IF(ROWS($K$2:N14)<=MAX('Tags - Classics'!$I$50:$I$12000)+MAX('Tags - Non-Classics'!$I$50:$I$8000),INDEX('Tags - Non-Classics'!$A$50:$H$8000,MATCH(ROWS($K$2:N14)-MAX('Tags - Classics'!$I$50:$I$12000),'Tags - Non-Classics'!$I$50:$I$8000,0),COLUMNS($K:N)),INDEX('Misc & Retail'!$A$50:$H$800,MATCH(ROWS($K$2:N14)-MAX('Tags - Classics'!$I$50:$I$12000)-MAX('Tags - Non-Classics'!$I$50:$I$8000),'Misc & Retail'!$I$50:$I$800,0),COLUMNS($K:N)))),"")} | O14: {=IFERROR(IF(ROWS($K$2:O14)<=MAX('Tags - Classics'!$I$50:$I$12000),INDEX('Tags - Classics'!$A$50:$H$12000,MATCH(ROWS($K$2:O14),'Tags - Classics'!$I$50:$I$12000,0),COLUMNS($K:O)),IF(ROWS($K$2:O14)<=MAX('Tags - Classics'!$I$50:$I$12000)+MAX('Tags - Non-Classics'!$I$50:$I$8000),INDEX('Tags - Non-Classics'!$A$50:$H$8000,MATCH(ROWS($K$2:O14)-MAX('Tags - Classics'!$I$50:$I$12000),'Tags - Non-Classics'!$I$50:$I$8000,0),COLUMNS($K:O)),INDEX('Misc & Retail'!$A$50:$H$800,MATCH(ROWS($K$2:O14)-MAX('Tags - Classics'!$I$50:$I$12000)-MAX('Tags - Non-Classics'!$I$50:$I$8000),'Misc & Retail'!$I$50:$I$800,0),COLUMNS($K:O)))),"")} | P14: {=IFERROR(IF(ROWS($K$2:P14)<=MAX('Tags - Classics'!$I$50:$I$12000),INDEX('Tags - Classics'!$A$50:$H$12000,MATCH(ROWS($K$2:P14),'Tags - Classics'!$I$50:$I$12000,0),COLUMNS($K:P)),IF(ROWS($K$2:P14)<=MAX('Tags - Classics'!$I$50:$I$12000)+MAX('Tags - Non-Classics'!$I$50:$I$8000),INDEX('Tags - Non-Classics'!$A$50:$H$8000,MATCH(ROWS($K$2:P14)-MAX('Tags - Classics'!$I$50:$I$12000),'Tags - Non-Classics'!$I$50:$I$8000,0),COLUMNS($K:P)),INDEX('Misc & Retail'!$A$50:$H$800,MATCH(ROWS($K$2:P14)-MAX('Tags - Classics'!$I$50:$I$12000)-MAX('Tags - Non-Classics'!$I$50:$I$8000),'Misc & Retail'!$I$50:$I$800,0),COLUMNS($K:P)))),"")} | Q14: {=IFERROR(IF(ROWS($K$2:Q14)<=MAX('Tags - Classics'!$I$50:$I$12000),INDEX('Tags - Classics'!$A$50:$H$12000,MATCH(ROWS($K$2:Q14),'Tags - Classics'!$I$50:$I$12000,0),COLUMNS($K:Q)),IF(ROWS($K$2:Q14)<=MAX('Tags - Classics'!$I$50:$I$12000)+MAX('Tags - Non-Classics'!$I$50:$I$8000),INDEX('Tags - Non-Classics'!$A$50:$H$8000,MATCH(ROWS($K$2:Q14)-MAX('Tags - Classics'!$I$50:$I$12000),'Tags - Non-Classics'!$I$50:$I$8000,0),COLUMNS($K:Q)),INDEX('Misc & Retail'!$A$50:$H$800,MATCH(ROWS($K$2:Q14)-MAX('Tags - Classics'!$I$50:$I$12000)-MAX('Tags - Non-Classics'!$I$50:$I$8000),'Misc & Retail'!$I$50:$I$800,0),COLUMNS($K:Q)))),"")} | R14: {=IFERROR(IF(ROWS($K$2:R14)<=MAX('Tags - Classics'!$I$50:$I$12000),INDEX('Tags - Classics'!$A$50:$H$12000,MATCH(ROWS($K$2:R14),'Tags - Classics'!$I$50:$I$12000,0),COLUMNS($K:R)),IF(ROWS($K$2:R14)<=MAX('Tags - Classics'!$I$50:$I$12000)+MAX('Tags - Non-Classics'!$I$50:$I$8000),INDEX('Tags - Non-Classics'!$A$50:$H$8000,MATCH(ROWS($K$2:R14)-MAX('Tags - Classics'!$I$50:$I$12000),'Tags - Non-Classics'!$I$50:$I$8000,0),COLUMNS($K:R)),INDEX('Misc & Retail'!$A$50:$H$800,MATCH(ROWS($K$2:R14)-MAX('Tags - Classics'!$I$50:$I$12000)-MAX('Tags - Non-Classics'!$I$50:$I$8000),'Misc & Retail'!$I$50:$I$800,0),COLUMNS($K:R)))),"")}
... A500: =IF(N500="","",K500) | B500: =IF(N500="","",O500) | C500: =IF(N500="","",M500) | H500: =IF(N500="","",N500) | I500: =I499+1 -> 500 | K500: {=IFERROR(IF(ROWS($K$2:K500)<=MAX('Tags - Classics'!$I$50:$I$12000),INDEX('Tags - Classics'!$A$50:$H$12000,MATCH(ROWS($K$2:K500),'Tags - Classics'!$I$50:$I$12000,0),COLUMNS($K:K)),IF(ROWS($K$2:K500)<=MAX('Tags - Classics'!$I$50:$I$12000)+MAX('Tags - Non-Classics'!$I$50:$I$8000),INDEX('Tags - Non-Classics'!$A$50:$H$8000,MATCH(ROWS($K$2:K500)-MAX('Tags - Classics'!$I$50:$I$12000),'Tags - Non-Classics'!$I$50:$I$8000,0),COLUMNS($K:K)),INDEX('Misc & Retail'!$A$50:$H$800,MATCH(ROWS($K$2:K500)-MAX('Tags - Classics'!$I$50:$I$12000)-MAX('Tags - Non-Classics'!$I$50:$I$8000),'Misc & Retail'!$I$50:$I$800,0),COLUMNS($K:K)))),"")} | L500: {=IFERROR(IF(ROWS($K$2:L500)<=MAX('Tags - Classics'!$I$50:$I$12000),INDEX('Tags - Classics'!$A$50:$H$12000,MATCH(ROWS($K$2:L500),'Tags - Classics'!$I$50:$I$12000,0),COLUMNS($K:L)),IF(ROWS($K$2:L500)<=MAX('Tags - Classics'!$I$50:$I$12000)+MAX('Tags - Non-Classics'!$I$50:$I$8000),INDEX('Tags - Non-Classics'!$A$50:$H$8000,MATCH(ROWS($K$2:L500)-MAX('Tags - Classics'!$I$50:$I$12000),'Tags - Non-Classics'!$I$50:$I$8000,0),COLUMNS($K:L)),INDEX('Misc & Retail'!$A$50:$H$800,MATCH(ROWS($K$2:L500)-MAX('Tags - Classics'!$I$50:$I$12000)-MAX('Tags - Non-Classics'!$I$50:$I$8000),'Misc & Retail'!$I$50:$I$800,0),COLUMNS($K:L)))),"")} | M500: {=IFERROR(IF(ROWS($K$2:M500)<=MAX('Tags - Classics'!$I$50:$I$12000),INDEX('Tags - Classics'!$A$50:$H$12000,MATCH(ROWS($K$2:M500),'Tags - Classics'!$I$50:$I$12000,0),COLUMNS($K:M)),IF(ROWS($K$2:M500)<=MAX('Tags - Classics'!$I$50:$I$12000)+MAX('Tags - Non-Classics'!$I$50:$I$8000),INDEX('Tags - Non-Classics'!$A$50:$H$8000,MATCH(ROWS($K$2:M500)-MAX('Tags - Classics'!$I$50:$I$12000),'Tags - Non-Classics'!$I$50:$I$8000,0),COLUMNS($K:M)),INDEX('Misc & Retail'!$A$50:$H$800,MATCH(ROWS($K$2:M500)-MAX('Tags - Classics'!$I$50:$I$12000)-MAX('Tags - Non-Classics'!$I$50:$I$8000),'Misc & Retail'!$I$50:$I$800,0),COLUMNS($K:M)))),"")} | N500: {=IFERROR(IF(ROWS($K$2:N500)<=MAX('Tags - Classics'!$I$50:$I$12000),INDEX('Tags - Classics'!$A$50:$H$12000,MATCH(ROWS($K$2:N500),'Tags - Classics'!$I$50:$I$12000,0),COLUMNS($K:N)),IF(ROWS($K$2:N500)<=MAX('Tags - Classics'!$I$50:$I$12000)+MAX('Tags - Non-Classics'!$I$50:$I$8000),INDEX('Tags - Non-Classics'!$A$50:$H$8000,MATCH(ROWS($K$2:N500)-MAX('Tags - Classics'!$I$50:$I$12000),'Tags - Non-Classics'!$I$50:$I$8000,0),COLUMNS($K:N)),INDEX('Misc & Retail'!$A$50:$H$800,MATCH(ROWS($K$2:N500)-MAX('Tags - Classics'!$I$50:$I$12000)-MAX('Tags - Non-Classics'!$I$50:$I$8000),'Misc & Retail'!$I$50:$I$800,0),COLUMNS($K:N)))),"")} | O500: {=IFERROR(IF(ROWS($K$2:O500)<=MAX('Tags - Classics'!$I$50:$I$12000),INDEX('Tags - Classics'!$A$50:$H$12000,MATCH(ROWS($K$2:O500),'Tags - Classics'!$I$50:$I$12000,0),COLUMNS($K:O)),IF(ROWS($K$2:O500)<=MAX('Tags - Classics'!$I$50:$I$12000)+MAX('Tags - Non-Classics'!$I$50:$I$8000),INDEX('Tags - Non-Classics'!$A$50:$H$8000,MATCH(ROWS($K$2:O500)-MAX('Tags - Classics'!$I$50:$I$12000),'Tags - Non-Classics'!$I$50:$I$8000,0),COLUMNS($K:O)),INDEX('Misc & Retail'!$A$50:$H$800,MATCH(ROWS($K$2:O500)-MAX('Tags - Classics'!$I$50:$I$12000)-MAX('Tags - Non-Classics'!$I$50:$I$8000),'Misc & Retail'!$I$50:$I$800,0),COLUMNS($K:O)))),"")} | P500: {=IFERROR(IF(ROWS($K$2:P500)<=MAX('Tags - Classics'!$I$50:$I$12000),INDEX('Tags - Classics'!$A$50:$H$12000,MATCH(ROWS($K$2:P500),'Tags - Classics'!$I$50:$I$12000,0),COLUMNS($K:P)),IF(ROWS($K$2:P500)<=MAX('Tags - Classics'!$I$50:$I$12000)+MAX('Tags - Non-Classics'!$I$50:$I$8000),INDEX('Tags - Non-Classics'!$A$50:$H$8000,MATCH(ROWS($K$2:P500)-MAX('Tags - Classics'!$I$50:$I$12000),'Tags - Non-Classics'!$I$50:$I$8000,0),COLUMNS($K:P)),INDEX('Misc & Retail'!$A$50:$H$800,MATCH(ROWS($K$2:P500)-MAX('Tags - Classics'!$I$50:$I$12000)-MAX('Tags - Non-Classics'!$I$50:$I$8000),'Misc & Retail'!$I$50:$I$800,0),COLUMNS($K:P)))),"")} | Q500: {=IFERROR(IF(ROWS($K$2:Q500)<=MAX('Tags - Classics'!$I$50:$I$12000),INDEX('Tags - Classics'!$A$50:$H$12000,MATCH(ROWS($K$2:Q500),'Tags - Classics'!$I$50:$I$12000,0),COLUMNS($K:Q)),IF(ROWS($K$2:Q500)<=MAX('Tags - Classics'!$I$50:$I$12000)+MAX('Tags - Non-Classics'!$I$50:$I$8000),INDEX('Tags - Non-Classics'!$A$50:$H$8000,MATCH(ROWS($K$2:Q500)-MAX('Tags - Classics'!$I$50:$I$12000),'Tags - Non-Classics'!$I$50:$I$8000,0),COLUMNS($K:Q)),INDEX('Misc & Retail'!$A$50:$H$800,MATCH(ROWS($K$2:Q500)-MAX('Tags - Classics'!$I$50:$I$12000)-MAX('Tags - Non-Classics'!$I$50:$I$8000),'Misc & Retail'!$I$50:$I$800,0),COLUMNS($K:Q)))),"")} | R500: {=IFERROR(IF(ROWS($K$2:R500)<=MAX('Tags - Classics'!$I$50:$I$12000),INDEX('Tags - Classics'!$A$50:$H$12000,MATCH(ROWS($K$2:R500),'Tags - Classics'!$I$50:$I$12000,0),COLUMNS($K:R)),IF(ROWS($K$2:R500)<=MAX('Tags - Classics'!$I$50:$I$12000)+MAX('Tags - Non-Classics'!$I$50:$I$8000),INDEX('Tags - Non-Classics'!$A$50:$H$8000,MATCH(ROWS($K$2:R500)-MAX('Tags - Classics'!$I$50:$I$12000),'Tags - Non-Classics'!$I$50:$I$8000,0),COLUMNS($K:R)),INDEX('Misc & Retail'!$A$50:$H$800,MATCH(ROWS($K$2:R500)-MAX('Tags - Classics'!$I$50:$I$12000)-MAX('Tags - Non-Classics'!$I$50:$I$8000),'Misc & Retail'!$I$50:$I$800,0),COLUMNS($K:R)))),"")}

Sheet LookUps
A1: Contains Duplicate Tag Type Names | D1: > | E1: Combines Duplicate Tag Type Names
A2: Tag Type Code | B2: Tag Type Converted to Full Name | C2: Multiples | D2: > | E2: Tag Type Code | F2: Tag Type Converted to Full Name
A3: DN2302 | B3: Adhesive Label | C3: 2290 | D3: > | E3: multiple | F3: -
A4: DN1453 | B4: Adhesive Label | C4: 3510 | D4: > | E4: multiple | F4: -
A5: DN1464 | B5: Adhesive Label | C5: 7026 | D5: > | E5: multiple | F5: -
A6: DN1547 | B6: Adhesive Label | C6: 4776 | D6: > | E6: multiple | F6: -
A7: DN1731 | B7: Adhesive Label | C7: 1805 | D7: > | E7: multiple | F7: -
A8: DN2229 | B8: Adhesive Label | C8: 3510 | D8: > | E8: multiple | F8: -
A9: DN2300 | B9: Adhesive Label | C9: 5726 | D9: > | E9: multiple | F9: -
A10: DN2303 | B10: Adhesive Label | C10: 1450 | D10: > | E10: multiple | F10: -
A11: DN2303 | B11: Adhesive Label | C11: 3850 | D11: > | E11: multiple | F11: -
A12: DN2339 | B12: Adhesive Label | C12: 3850 | D12: > | E12: multiple | F12: -
A13: DN2301 | B13: Adhesive Label | C13: 3510 | D13: > | E13: multiple | F13: Adhesive Label
A14: MT | B14: Classic | C14: 100 | D14: > | E14: MT | F14: Classic
... A82: DN1822 | B82: XL Hang Bask Tag SM | C82: 100 | D82: > | E82: DN1822 | F82: XL Hang Bask Tag SM

Sheet Order Info
A1: 2026-2027
A2: Germania Acct #2793100 | 800-380-4721 | mail@germaniaseed.com •
A3: Directions: • Input the desired quantity of tags for each item within the order entry tabs. • Fill out contact information below. • Save this file, attach and email to mail@germaniaseed.com
B5: Requested Ship Date
B7: Germania Account #
B9: Phone #
B11: Email
B13: Ship Address:
B14: Company Name
B15: Contact Name
B16: Address Line 1
B17: Address Line 2
B18: City
B19: State/Province
B20: Postal Code
A22: Special Instructions? Looking for a Tag? Enter in the field below:
B25: Quantity Entered | C25: Tag Type | D25: Bundle Qty | E25: Qty per Bundle
B26: =SUM('Tags - Classics'!B2) -> 0 | C26: Classic | D26: =B26/E26 -> 0 | E26: 100
B27: =SUM('Tags - Classics'!B3,'Tags - Non-Classics'!B3,'Misc & Retail'!B3) -> 0 | C27: Universal XL | D27: =B27/E27 -> 0 | E27: 100
B28: =SUM('Tags - Classics'!B4,'Tags - Non-Classics'!B4,'Misc & Retail'!B4) -> 0 | C28: Gardener's XL | D28: =B28/E28 -> 0 | E28: 25
B29: =SUM('Tags - Classics'!B7,'Tags - Non-Classics'!B7,'Misc & Retail'!B7) -> 0 | C29: Mid XL Locking | D29: =B29/E29 -> 0 | E29: 50
B30: =SUM('Tags - Classics'!B5,'Tags - Non-Classics'!B5,'Misc & Retail'!B5) -> 0 | C30: XL Hang Bask Tag SM | D30: =B30/E30 -> 0 | E30: 100
B31: =SUM('Tags - Classics'!B6,'Tags - Non-Classics'!B6,'Misc & Retail'!B6) -> 0 | C31: MasterTag XL MT0440 | D31: assorted | E31: assorted
B32: =SUM('Tags - Classics'!B8:B46,'Tags - Non-Classics'!B8:B46,'Misc & Retail'!B8:B44) -> 0 | C32: Other (Sum Manually in Order Entry) | D32: assorted | E32: assorted
B34: Version: 6/23/26 | C34: Lister Updated: on 6/23/26 via MasterTag 26-27 Stock Product Listing

Sheet Tags - Classics
A1: Tag Type Code | B1: Qty | C1: Tag Type Converted to Full Name
A2: MT | B2: =SUMIF($C$50:$C$15000,C2,$D$50:$D$15000) -> 0 | C2: =_xlfn.XLOOKUP(A2,LookUps!A:A,LookUps!B:B,"na",0,1) -> Classic
A3: DN1589 | B3: =SUMIF($C$50:$C$9996,C3,$D$50:$D$9996) -> 0 | C3: =_xlfn.XLOOKUP(A3,LookUps!A:A,LookUps!B:B,"na",0,1) -> Universal XL
A4: DN2320 | B4: =SUMIF($C$50:$C$9996,C4,$D$50:$D$9996) -> 0 | C4: =_xlfn.XLOOKUP(A4,LookUps!A:A,LookUps!B:B,"na",0,1) -> Gardener's XL
A5: DN1822 | B5: =SUMIF($C$50:$C$9996,C5,$D$50:$D$9996) -> 0 | C5: =_xlfn.XLOOKUP(A5,LookUps!A:A,LookUps!B:B,"na",0,1) -> XL Hang Bask Tag SM
A6: MT0440 | B6: =SUMIF($C$50:$C$9996,C6,$D$50:$D$9996) -> 0 | C6: =_xlfn.XLOOKUP(A6,LookUps!A:A,LookUps!B:B,"na",0,1) -> MasterTag XL MT0440
A7: DN2236 | B7: =SUMIF($C$50:$C$9996,C7,$D$50:$D$9996) -> 0 | C7: =_xlfn.XLOOKUP(A7,LookUps!A:A,LookUps!B:B,"na",0,1) -> Mid XL Locking
A8: DN1975 | B8: =SUMIF($C$50:$C$9996,C8,$D$50:$D$9996) -> 0 | C8: =_xlfn.XLOOKUP(A8,LookUps!A:A,LookUps!B:B,"na",0,1) -> EZ Handle Plus
A9: DN2318 | B9: =SUMIF($C$50:$C$9996,C9,$D$50:$D$9996) -> 0 | C9: =_xlfn.XLOOKUP(A9,LookUps!A:A,LookUps!B:B,"na",0,1) -> SnapTag
A10: DN1205 | B10: =SUMIF($C$50:$C$9996,C10,$D$50:$D$9996) -> 0 | C10: =_xlfn.XLOOKUP(A10,LookUps!A:A,LookUps!B:B,"na",0,1) -> Mini Marquee Hang Tag
A11: MT0702 | B11: =SUMIF($C$50:$C$9996,C11,$D$50:$D$9996) -> 0 | C11: =_xlfn.XLOOKUP(A11,LookUps!A:A,LookUps!B:B,"na",0,1) -> Patio Planter Stake Tag
A12: DN1239 | B12: =SUMIF($C$50:$C$9996,C12,$D$50:$D$9996) -> 0 | C12: =_xlfn.XLOOKUP(A12,LookUps!A:A,LookUps!B:B,"na",0,1) -> Mini Dangler
A13: DN2250 | B13: =SUMIF($C$50:$C$9996,C13,$D$50:$D$9996) -> 0 | C13: =_xlfn.XLOOKUP(A13,LookUps!A:A,LookUps!B:B,"na",0,1) -> MasterTag XL DN2250
A14: DN1663 | B14: =SUMIF($C$50:$C$9996,C14,$D$50:$D$9996) -> 0 | C14: =_xlfn.XLOOKUP(A14,LookUps!A:A,LookUps!B:B,"na",0,1) -> Premium Marquee
... A46: DN2210 | B46: =SUMIF($C$50:$C$9996,C46,$D$50:$D$9996) -> 0 | C46: =_xlfn.XLOOKUP(A46,LookUps!A:A,LookUps!B:B,"na",0,1) -> Propagation Label 8"
C48: 2026-2027 Order Form | D48: =(IF(SUBTOTAL(109,D50:D15000)=0,"",SUBTOTAL(109,D50:D15000))) | E48: Tags - Classics See "Tags - Non-Classics" Sheet for all other tags.
A49: Item # | B49: Multiples | C49: Tag / Product | D49: Quantity | E49: Description | F49: Description 2 | G49: Species | H49: Category | I49: Helper Row Formula below (do not delete column)
A50: 2021219 | B50: 100 | C50: Classic | E50: Abutilon (Generic) | F50: Flowering Maple | G50: x hybridum | H50: Annual | I50: =IF($D50<>"",COUNTIF($D$50:$D50,"<>"),"")
A51: 2012738 | B51: 100 | C51: Classic | E51: Abutilon (Generic) | F51: Flowering Maple | G51: striatum | H51: Foliage | I51: =IF($D51<>"",COUNTIF($D$50:$D51,"<>"),"")
A52: 2013085 | B52: 100 | C52: Classic | E52: Abutilon Bella Mix | F52: Flowering Maple | G52: x hybridum | H52: Annual | I52: =IF($D52<>"",COUNTIF($D$50:$D52,"<>"),"")
A53: 2013715 | B53: 100 | C53: Classic | E53: Abutilon Bella Select Mix | F53: Flowering Maple | G53: x hybridum | H53: Annual | I53: =IF($D53<>"",COUNTIF($D$50:$D53,"<>"),"")
A54: 2018639 | B54: 100 | C54: Classic | E54: Abutilon Lucky Lantern Red | F54: Flowering Maple | G54: hybrida | H54: Annual | I54: =IF($D54<>"",COUNTIF($D$50:$D54,"<>"),"")
A55: 2018638 | B55: 100 | C55: Classic | E55: Abutilon Lucky Lantern Tangerine | F55: Flowering Maple | G55: hybrida | H55: Annual | I55: =IF($D55<>"",COUNTIF($D$50:$D55,"<>"),"")
A56: 2018636 | B56: 100 | C56: Classic | E56: Abutilon Lucky Lantern Yellow | F56: Flowering Maple | G56: hybrida | H56: Annual | I56: =IF($D56<>"",COUNTIF($D$50:$D56,"<>"),"")
A57: 2290038 | B57: 100 | C57: Classic | E57: Abutilon Patio Lantern Passion | F57: Flowering Maple | G57: hybrida | H57: Annual | I57: =IF($D57<>"",COUNTIF($D$50:$D57,"<>"),"")
A58: 2020590 | B58: 100 | C58: Classic | E58: Abutilon Variegated Salmon | F58: Flowering Maple | G58: megapotamicum | H58: Annual | I58: =IF($D58<>"",COUNTIF($D$50:$D58,"<>"),"")
A59: 2012700 | B59: 100 | C59: Classic | E59: Acalypha (Generic) | F59: Chenille Plant | G59: hispida | H59: Foliage | I59: =IF($D59<>"",COUNTIF($D$50:$D59,"<>"),"")
A60: 2012376 | B60: 100 | C60: Classic | E60: Acalypha Chenille Firetail | F60: Chenille Plant | G60: pendula | H60: Annual | I60: =IF($D60<>"",COUNTIF($D$50:$D60,"<>"),"")
A61: 2012406 | B61: 100 | C61: Classic | E61: Acalypha Pendula Red | F61: Chenille Plant | G61: pendula | H61: Annual | I61: =IF($D61<>"",COUNTIF($D$50:$D61,"<>"),"")
... A5658: 2015682 | B5658: 100 | C5658: Classic | E5658: Pepper Keystone Resistant Giant | F5658: Capsicum | G5658: annuum | H5658: Vegetable | I5658: =IF($D5658<>"",COUNTIF($D$50:$D5658,"<>"),"")
A5659: 2574144 | B5659: 100 | C5659: Classic | E5659: Pepper Kickstart | F5659: Capsicum | G5659: #REF! | H5659: Vegetable | I5659: =IF($D5659<>"",COUNTIF($D$50:$D5659,"<>"),"")
A5660: 2019078 | B5660: 100 | C5660: Classic | E5660: Pepper King Arthur | F5660: Capsicum | G5660: Hybrid | H5660: Vegetable | I5660: =IF($D5660<>"",COUNTIF($D$50:$D5660,"<>"),"")
A5661: 2014065 | B5661: 100 | C5661: Classic | E5661: Pepper Kung Pao | F5661: Capsicum | G5661: annuum | H5661: Vegetable | I5661: =IF($D5661<>"",COUNTIF($D$50:$D5661,"<>"),"")
A5662: 2016757 | B5662: 100 | C5662: Classic | E5662: Pepper La Bomba | F5662: Capsicum | G5662: annuum | H5662: Vegetable | I5662: =IF($D5662<>"",COUNTIF($D$50:$D5662,"<>"),"")
A5663: 2015678 | B5663: 100 | C5663: Classic | E5663: Pepper Lady Bell | F5663: Capsicum | G5663: annuum | H5663: Vegetable | I5663: =IF($D5663<>"",COUNTIF($D$50:$D5663,"<>"),"")
A5664: 2410126 | B5664: 100 | C5664: Classic | E5664: Pepper Lemon Delite | F5664: Capsicum | G5664: Hybrid | H5664: Vegetable | I5664: =IF($D5664<>"",COUNTIF($D$50:$D5664,"<>"),"")
A5665: 2014243 | B5665: 100 | C5665: Classic | E5665: Pepper Lilac | F5665: Capsicum | G5665: annuum | H5665: Vegetable | I5665: =IF($D5665<>"",COUNTIF($D$50:$D5665,"<>"),"")
A5666: 2017225 | B5666: 100 | C5666: Classic | E5666: Pepper Loco | F5666: Capsicum | G5666: annuum | H5666: Vegetable | I5666: =IF($D5666<>"",COUNTIF($D$50:$D5666,"<>"),"")
A5667: 2015864 | B5667: 100 | C5667: Classic | E5667: Pepper Long Red Slim Cayenne | F5667: Capsicum | G5667: annuum | H5667: Vegetable | I5667: =IF($D5667<>"",COUNTIF($D$50:$D5667,"<>"),"")
A5668: 2016528 | B5668: 100 | C5668: Classic | E5668: Pepper Long Thin Cayenne | F5668: Capsicum | G5668: annuum | H5668: Vegetable | I5668: =IF($D5668<>"",COUNTIF($D$50:$D5668,"<>"),"")
A5669: 2493561 | B5669: 100 | C5669: Classic | E5669: Pepper Lunchbox Mix | F5669: Capsicum | G5669: annuum | H5669: Vegetable | I5669: =IF($D5669<>"",COUNTIF($D$50:$D5669,"<>"),"")
A5670: 2248787 | B5670: 100 | C5670: Classic | E5670: Pepper Mad Hatter | F5670: Capsicum | G5670: baccatum | H5670: Vegetable | I5670: =IF($D5670<>"",COUNTIF($D$50:$D5670,"<>"),"")
A5671: 2173133 | B5671: 100 | C5671: Classic | E5671: Pepper Majestic Red | F5671: Capsicum | G5671: Hybrid | H5671: Vegetable | I5671: =IF($D5671<>"",COUNTIF($D$50:$D5671,"<>"),"")
... A9020: 2017775 | B9020: 100 | C9020: Classic | E9020: Zucchini Raven | F9020: Cucurbita | G9020: pepo | H9020: Vegetable | I9020: =IF($D9020<>"",COUNTIF($D$50:$D9020,"<>"),"")

Sheet Tags - Non-Classics
A1: Tag Type Code | B1: Qty | C1: Tag Type Converted to Full Name
A2: MT | B2: =SUMIF($C$50:$C$15000,C2,$D$50:$D$15000) -> 0 | C2: =_xlfn.XLOOKUP(A2,LookUps!A:A,LookUps!B:B,"na",0,1) -> Classic
A3: DN1589 | B3: =SUMIF($C$50:$C$9996,C3,$D$50:$D$9996) -> 0 | C3: =_xlfn.XLOOKUP(A3,LookUps!A:A,LookUps!B:B,"na",0,1) -> Universal XL
A4: DN2320 | B4: =SUMIF($C$50:$C$9996,C4,$D$50:$D$9996) -> 0 | C4: =_xlfn.XLOOKUP(A4,LookUps!A:A,LookUps!B:B,"na",0,1) -> Gardener's XL
A5: DN1822 | B5: =SUMIF($C$50:$C$9996,C5,$D$50:$D$9996) -> 0 | C5: =_xlfn.XLOOKUP(A5,LookUps!A:A,LookUps!B:B,"na",0,1) -> XL Hang Bask Tag SM
A6: MT0440 | B6: =SUMIF($C$50:$C$9996,C6,$D$50:$D$9996) -> 0 | C6: =_xlfn.XLOOKUP(A6,LookUps!A:A,LookUps!B:B,"na",0,1) -> MasterTag XL MT0440
A7: DN2236 | B7: =SUMIF($C$50:$C$9996,C7,$D$50:$D$9996) -> 0 | C7: =_xlfn.XLOOKUP(A7,LookUps!A:A,LookUps!B:B,"na",0,1) -> Mid XL Locking
A8: DN1975 | B8: =SUMIF($C$50:$C$9996,C8,$D$50:$D$9996) -> 0 | C8: =_xlfn.XLOOKUP(A8,LookUps!A:A,LookUps!B:B,"na",0,1) -> EZ Handle Plus
A9: DN2318 | B9: =SUMIF($C$50:$C$9996,C9,$D$50:$D$9996) -> 0 | C9: =_xlfn.XLOOKUP(A9,LookUps!A:A,LookUps!B:B,"na",0,1) -> SnapTag
A10: DN1205 | B10: =SUMIF($C$50:$C$9996,C10,$D$50:$D$9996) -> 0 | C10: =_xlfn.XLOOKUP(A10,LookUps!A:A,LookUps!B:B,"na",0,1) -> Mini Marquee Hang Tag
A11: MT0702 | B11: =SUMIF($C$50:$C$9996,C11,$D$50:$D$9996) -> 0 | C11: =_xlfn.XLOOKUP(A11,LookUps!A:A,LookUps!B:B,"na",0,1) -> Patio Planter Stake Tag
A12: DN1239 | B12: =SUMIF($C$50:$C$9996,C12,$D$50:$D$9996) -> 0 | C12: =_xlfn.XLOOKUP(A12,LookUps!A:A,LookUps!B:B,"na",0,1) -> Mini Dangler
A13: DN2250 | B13: =SUMIF($C$50:$C$9996,C13,$D$50:$D$9996) -> 0 | C13: =_xlfn.XLOOKUP(A13,LookUps!A:A,LookUps!B:B,"na",0,1) -> MasterTag XL DN2250
A14: DN1663 | B14: =SUMIF($C$50:$C$9996,C14,$D$50:$D$9996) -> 0 | C14: =_xlfn.XLOOKUP(A14,LookUps!A:A,LookUps!B:B,"na",0,1) -> Premium Marquee
... A46: DN2210 | B46: =SUMIF($C$50:$C$9996,C46,$D$50:$D$9996) -> 0 | C46: =_xlfn.XLOOKUP(A46,LookUps!A:A,LookUps!B:B,"na",0,1) -> Propagation Label 8"
C48: 2026-2027 Order Form | D48: See quantities entered on 'Order Info' Sheet | E48: Tags - Non-Classics See "Tags - Classics" Sheet for Classic Tags
A49: Item # | B49: Multiples | C49: Tag / Product | D49: Quantity | E49: Description | F49: Description 2 | G49: Species | H49: Category | I49: Helper Row Formula below (do not delete column)
A50: 2589880 | B50: 25 | C50: Gardener's XL | E50: Abelia Kaleidoscope | F50: Abelia | G50: x grandiflora | H50: Perennial | I50: =IF($D50<>"",COUNTIF($D$50:$D50,"<>"),"")
A51: 2589878 | B51: 25 | C51: Gardener's XL | E51: Abelia Suntastic Peach | F51: Abelia | G51: x grandiflora nana | H51: Perennial | I51: =IF($D51<>"",COUNTIF($D$50:$D51,"<>"),"")
A52: 2589876 | B52: 25 | C52: Gardener's XL | E52: Abelia Suntastic Pink | F52: Abelia | G52: x grandiflora nana | H52: Perennial | I52: =IF($D52<>"",COUNTIF($D$50:$D52,"<>"),"")
A53: 2589879 | B53: 25 | C53: Gardener's XL | E53: Abelia Suntastic Radiance | F53: Abelia | G53: x grandiflora nana | H53: Perennial | I53: =IF($D53<>"",COUNTIF($D$50:$D53,"<>"),"")
A54: 2021948 | B54: 50 | C54: Mid XL Locking | E54: Acalypha (Generic) | F54: Copperleaf Plant | G54: wilkesiana | H54: Annual | I54: =IF($D54<>"",COUNTIF($D$50:$D54,"<>"),"")
A55: 2285778 | B55: 25 | C55: Gardener's XL | E55: Acanthus Morning Candle | F55: Bear's Breeches | G55: mollis | H55: Perennial | I55: =IF($D55<>"",COUNTIF($D$50:$D55,"<>"),"")
A56: 2024558 | B56: 25 | C56: Gardener's XL | E56: Achillea (Generic) | F56: Yarrow | G56: species | H56: Perennial | I56: =IF($D56<>"",COUNTIF($D$50:$D56,"<>"),"")
A57: 2588346 | B57: 25 | C57: Gardener's XL | E57: Achillea Appleblossom | F57: Yarrow | G57: millefolium | H57: Perennial | I57: =IF($D57<>"",COUNTIF($D$50:$D57,"<>"),"")
A58: 2025900 | B58: 100 | C58: Universal XL | E58: Achillea Appleblossom | F58: Yarrow | G58: millefolium | H58: Perennial | I58: =IF($D58<>"",COUNTIF($D$50:$D58,"<>"),"")
A59: 2024222 | B59: 25 | C59: Gardener's XL | E59: Achillea Coronation Gold | F59: Yarrow | G59: Hybrid | H59: Perennial | I59: =IF($D59<>"",COUNTIF($D$50:$D59,"<>"),"")
A60: 2022818 | B60: 25 | C60: Gardener's XL | E60: Achillea Desert Eve Deep Rose | F60: Yarrow | G60: Hybrid | H60: Perennial | I60: =IF($D60<>"",COUNTIF($D$50:$D60,"<>"),"")
A61: 2022817 | B61: 25 | C61: Gardener's XL | E61: Achillea Desert Eve Red | F61: Yarrow | G61: Hybrid | H61: Perennial | I61: =IF($D61<>"",COUNTIF($D$50:$D61,"<>"),"")
... A170: 2391338 | B170: 25 | C170: Gardener's XL | E170: Agastache Sunny Sparks Pink | F170: Agastache | G170: mexicana | H170: Perennial | I170: =IF($D170<>"",COUNTIF($D$50:$D170,"<>"),"")
A171: 2391332 | B171: 25 | C171: Gardener's XL | E171: Agastache Sunny Sparks Pink Glow | F171: Agastache | G171: #REF! | H171: Perennial | I171: =IF($D171<>"",COUNTIF($D$50:$D171,"<>"),"")
A172: 2288656 | B172: 50 | C172: MasterTag XL MT0440 | E172: Agastache Sunrise Blue | F172: Agastache | G172: Hybrid | H172: Perennial | I172: =IF($D172<>"",COUNTIF($D$50:$D172,"<>"),"")
A173: 2288634 | B173: 50 | C173: MasterTag XL MT0440 | E173: Agastache Sunrise Orange | F173: Agastache | G173: Hybrid | H173: Perennial | I173: =IF($D173<>"",COUNTIF($D$50:$D173,"<>"),"")
A174: 2288635 | B174: 50 | C174: MasterTag XL MT0440 | E174: Agastache Sunrise Red | F174: Agastache | G174: Hybrid | H174: Perennial | I174: =IF($D174<>"",COUNTIF($D$50:$D174,"<>"),"")
A175: 2319073 | B175: 50 | C175: MasterTag XL MT0440 | E175: Agastache Sunrise Rose | F175: Agastache | G175: Hybrid | H175: Perennial | I175: =IF($D175<>"",COUNTIF($D$50:$D175,"<>"),"")
A176: 2288633 | B176: 50 | C176: MasterTag XL MT0440 | E176: Agastache Sunrise Salmon Pink | F176: Agastache | G176: Hybrid | H176: Perennial | I176: =IF($D176<>"",COUNTIF($D$50:$D176,"<>"),"")
A177: 2288655 | B177: 50 | C177: MasterTag XL MT0440 | E177: Agastache Sunrise Violet | F177: Agastache | G177: Hybrid | H177: Perennial | I177: =IF($D177<>"",COUNTIF($D$50:$D177,"<>"),"")
A178: 2288631 | B178: 50 | C178: MasterTag XL MT0440 | E178: Agastache Sunrise Yellow | F178: Agastache | G178: Hybrid | H178: Perennial | I178: =IF($D178<>"",COUNTIF($D$50:$D178,"<>"),"")
A179: 2023871 | B179: 25 | C179: Gardener's XL | E179: Agastache Tutti Frutti | F179: Anise Hyssop | G179: Hybrid | H179: Perennial | I179: =IF($D179<>"",COUNTIF($D$50:$D179,"<>"),"")
A180: 2026557 | B180: 100 | C180: Universal XL | E180: Agave Ray Of Light | F180: Agave | G180: attenuata | H180: Perennial | I180: =IF($D180<>"",COUNTIF($D$50:$D180,"<>"),"")
A181: 2377175 | B181: 100 | C181: Universal XL | E181: Aglaonema Houseplant | F181: Aglaonema | G181: - | H181: Foliage | I181: =IF($D181<>"",COUNTIF($D$50:$D181,"<>"),"")
A182: 2447954 | B182: 100 | C182: Mini Marquee Hang Tag | E182: Aglaonema Plant Passport | F182: Aglaonema | G182: species | H182: Foliage | I182: =IF($D182<>"",COUNTIF($D$50:$D182,"<>"),"")
A183: 2391339 | B183: 25 | C183: Gardener's XL | E183: Ajuga Blueberry Muffin | F183: Bugleweed | G183: reptans | H183: Perennial | I183: =IF($D183<>"",COUNTIF($D$50:$D183,"<>"),"")
... A2096: 2409951 | B2096: 100 | C2096: Universal XL | E2096: Durabella Dancing Queen | F2096: Durabella | G2096: - | H2096: Annual | I2096: =IF($D2096<>"",COUNTIF($D$50:$D2096,"<>"),"")
A2097: 2590497 | B2097: 100 | C2097: Universal XL | E2097: Durabella Dash Of Panache | F2097: Durabella | G2097: 0 | H2097: Annual | I2097: =IF($D2097<>"",COUNTIF($D$50:$D2097,"<>"),"")
A2098: 2507543 | B2098: 100 | C2098: Universal XL | E2098: Durabella Desert Shadow | F2098: Durabella | G2098: - | H2098: Annual | I2098: =IF($D2098<>"",COUNTIF($D$50:$D2098,"<>"),"")
A2099: 2509032 | B2099: 100 | C2099: XL Hang Bask Tag SM | E2099: Durabella Desert Shadow | F2099: Durabella | G2099: - | H2099: Annual | I2099: =IF($D2099<>"",COUNTIF($D$50:$D2099,"<>"),"")
A2100: 2590498 | B2100: 100 | C2100: Universal XL | E2100: Durabella Diamond Horizon | F2100: Durabella | G2100: - | H2100: Annual | I2100: =IF($D2100<>"",COUNTIF($D$50:$D2100,"<>"),"")
A2101: 2399021 | B2101: 100 | C2101: Universal XL | E2101: Durabella Dinner & A Movie | F2101: Durabella | G2101: - | H2101: Annual | I2101: =IF($D2101<>"",COUNTIF($D$50:$D2101,"<>"),"")
A2102: 2408022 | B2102: 100 | C2102: XL Hang Bask Tag SM | E2102: Durabella Dinner & A Movie | F2102: Durabella | G2102: - | H2102: Annual | I2102: =IF($D2102<>"",COUNTIF($D$50:$D2102,"<>"),"")
A2103: 2409953 | B2103: 100 | C2103: Universal XL | E2103: Durabella Disco Fever | F2103: Durabella | G2103: - | H2103: Annual | I2103: =IF($D2103<>"",COUNTIF($D$50:$D2103,"<>"),"")
A2104: 2409954 | B2104: 100 | C2104: XL Hang Bask Tag SM | E2104: Durabella Disco Fever | F2104: Durabella | G2104: - | H2104: Annual | I2104: =IF($D2104<>"",COUNTIF($D$50:$D2104,"<>"),"")
A2105: 2448809 | B2105: 100 | C2105: Universal XL | E2105: Durabella Double Bogey | F2105: Durabella | G2105: - | H2105: Annual | I2105: =IF($D2105<>"",COUNTIF($D$50:$D2105,"<>"),"")
A2106: 2509033 | B2106: 100 | C2106: XL Hang Bask Tag SM | E2106: Durabella Double Bogey | F2106: Durabella | G2106: - | H2106: Annual | I2106: =IF($D2106<>"",COUNTIF($D$50:$D2106,"<>"),"")
A2107: 2447430 | B2107: 100 | C2107: Universal XL | E2107: Durabella Eagle's View | F2107: Durabella | G2107: - | H2107: Annual | I2107: =IF($D2107<>"",COUNTIF($D$50:$D2107,"<>"),"")
A2108: 2509034 | B2108: 100 | C2108: XL Hang Bask Tag SM | E2108: Durabella Eagle's View | F2108: Durabella | G2108: - | H2108: Annual | I2108: =IF($D2108<>"",COUNTIF($D$50:$D2108,"<>"),"")
A2109: 2507544 | B2109: 100 | C2109: Universal XL | E2109: Durabella Endless Summer | F2109: Durabella | G2109: - | H2109: Annual | I2109: =IF($D2109<>"",COUNTIF($D$50:$D2109,"<>"),"")
... A5932: 2447984 | B5932: 100 | C5932: Mini Marquee Hang Tag | E5932: ZZ Plant Plant Passport | F5932: Zamioculcas | G5932: zamiifolia | H5932: Foliage | I5932: =IF($D5932<>"",COUNTIF($D$50:$D5932,"<>"),"")

Sheet Misc & Retail
A1: Tag Type Code | B1: Qty | C1: Tag Type Converted to Full Name
A2: multiple | B2: =SUMIF($C$50:$C$7513,C2,$D$50:$D$7513) -> 0 | C2: Adhesive Label
A3: MT | B3: =SUMIF($C$50:$C$7513,C3,$D$50:$D$7513) -> 0 | C3: Classic
A4: CD0711 | B4: =SUMIF($C$50:$C$7513,C4,$D$50:$D$7513) -> 0 | C4: Display Card 11x7
A5: CD1108 | B5: =SUMIF($C$50:$C$7513,C5,$D$50:$D$7513) -> 0 | C5: Display Card 11x8.25
A6: CD0426 | B6: =SUMIF($C$50:$C$7513,C6,$D$50:$D$7513) -> 0 | C6: Display Card 4x6
A7: CD0600 | B7: =SUMIF($C$50:$C$7513,C7,$D$50:$D$7513) -> 0 | C7: Display Card 8x6
A8: DN2257 | B8: =SUMIF($C$50:$C$7513,C8,$D$50:$D$7513) -> 0 | C8: Display Card Walters 11x7
A9: DN2256 | B9: =SUMIF($C$50:$C$7513,C9,$D$50:$D$7513) -> 0 | C9: Display Card Walters 7x5
A10: multiple | B10: =SUMIF($C$50:$C$7513,C10,$D$50:$D$7513) -> 0 | C10: Display Stand
A11: DN1481 | B11: =SUMIF($C$50:$C$7513,C11,$D$50:$D$7513) -> 0 | C11: EZ Handle
A12: DN1975 | B12: =SUMIF($C$50:$C$7513,C12,$D$50:$D$7513) -> 0 | C12: EZ Handle Plus
A13: DN1483 | B13: =SUMIF($C$50:$C$7513,C13,$D$50:$D$7513) -> 0 | C13: EZ Handle Slim
... A44: DN1822 | B44: =SUMIF($C$50:$C$7513,C44,$D$50:$D$7513) -> 0 | C44: XL Hang Bask Tag SM
C48: 2026-2027 Order Form | E48: Miscellaneous & Retail Items
A49: Item # | B49: Multiples | C49: Tag / Product | D49: Quantity | E49: Description | F49: Description 2 | G49: Species | H49: Category | I49: Helper Row Formula below (do not delete column)
A50: 2546898 | B50: 5726 | C50: Adhesive Label | E50: Labels Adhesive - Blank Inkjet Glossy #3 Right Edge First 2.483"X1.125" | F50: - | G50: - | H50: Greenhouse Materials | I50: =IF($D50<>"",COUNTIF($D$50:$D50,"<>"),"")
A51: 2546903 | B51: 7026 | C51: Adhesive Label | E51: Labels Adhesive - Blank Inkjet Glossy #3 Right Edge First 2"X1" | F51: - | G51: - | H51: Greenhouse Materials | I51: =IF($D51<>"",COUNTIF($D$50:$D51,"<>"),"")
A52: 2546899 | B52: 3510 | C52: Adhesive Label | E52: Labels Adhesive - Blank Inkjet Glossy #3 Right Edge First 2"X2.25" | F52: - | G52: - | H52: Greenhouse Materials | I52: =IF($D52<>"",COUNTIF($D$50:$D52,"<>"),"")
A53: 2545077 | B53: 3510 | C53: Adhesive Label | E53: Labels Adhesive - Blank Inkjet Glossy #3 Right Edge First 2"X2" | F53: - | G53: - | H53: Greenhouse Materials | I53: =IF($D53<>"",COUNTIF($D$50:$D53,"<>"),"")
A54: 2545076 | B54: 3510 | C54: Adhesive Label | E54: Labels Adhesive - Blank Inkjet Glossy #3 Right Edge First 2"X3" | F54: - | G54: - | H54: Greenhouse Materials | I54: =IF($D54<>"",COUNTIF($D$50:$D54,"<>"),"")
A55: 2546901 | B55: 2290 | C55: Adhesive Label | E55: Labels Adhesive - Blank Inkjet Glossy #3 Right Edge First 3.125"X2.75" | F55: - | G55: - | H55: Greenhouse Materials | I55: =IF($D55<>"",COUNTIF($D$50:$D55,"<>"),"")
A56: 2548599 | B56: 4776 | C56: Adhesive Label | E56: Labels Adhesive - Blank Inkjet Glossy #3 Right Edge First 3"X1.5" | F56: - | G56: - | H56: Greenhouse Materials | I56: =IF($D56<>"",COUNTIF($D$50:$D56,"<>"),"")
A57: 2545075 | B57: 1805 | C57: Adhesive Label | E57: Labels Adhesive - Blank Inkjet Glossy #3 Right Edge First 4"X2" | F57: - | G57: - | H57: Greenhouse Materials | I57: =IF($D57<>"",COUNTIF($D$50:$D57,"<>"),"")
A58: 2548597 | B58: 1450 | C58: Adhesive Label | E58: Labels Adhesive - Blank Inkjet Glossy #3 Right Edge First 5"X4" | F58: - | G58: - | H58: Greenhouse Materials | I58: =IF($D58<>"",COUNTIF($D$50:$D58,"<>"),"")
A59: 2545073 | B59: 3850 | C59: Adhesive Label | E59: Labels Adhesive - Blank Inkjet Glossy #4 Left Edge First 1.1825" X 2" | F59: - | G59: - | H59: Greenhouse Materials | I59: =IF($D59<>"",COUNTIF($D$50:$D59,"<>"),"")
A60: 2545074 | B60: 3850 | C60: Adhesive Label | E60: Labels Adhesive - Blank Inkjet Glossy #4 Left Edge First 1.8125" X 2.0000" | F60: - | G60: - | H60: Greenhouse Materials | I60: =IF($D60<>"",COUNTIF($D$50:$D60,"<>"),"")
A61: 2546900 | B61: 3510 | C61: Adhesive Label | E61: Labels Adhesive - Blank Inkjet Glossy #4 Left Edge First 2"X2.25" | F61: - | G61: - | H61: Greenhouse Materials | I61: =IF($D61<>"",COUNTIF($D$50:$D61,"<>"),"")
... A218: 2025130 | B218: 100 | C218: XL Hang Bask Tag SM | E218: Sun Shade | F218: - | G218: - | H218: Misc & Retail | I218: =IF($D218<>"",COUNTIF($D$50:$D218,"<>"),"")
